Workbook

Sheet NIVEL
C1: SISTEMA DE GESTIÓN DE LA CALIDAD
C2: MEMORIA MEDICIÓN DE CANTIDADES DE OBRA
A4: OBJETO: | C4: CONSTRUCCIÓN DE CASA LOTE 1 QUINTAS DE SAN ANTONIO-SANTAGUEDA | J4: RESUMEN DE PAGOS
J5: ACTA 1 | K5: 115.9 | M5: ACTA 4
A6: CONTRATANTE: | C6: CARLOS MARULANDA | J6: ACTA 2 | M6: ACTA 5 | N6: 319.029
A7: CONTRATISTA: | C7: OCTAVIO GALLEGO | J7: ACTA 3 | M7: ACTA 6 | N7: =+I20 -> 100.3
F8: Unidad: M2 | J8: ESQUEMA
A9: Item :NIVELACIÓN Y LIMPIEZA
A10: FECHA | B10: DETALLE | E10: LARGO | F10: ANCHO | G10: ALTO | H10: CANT. | I10: TOTAL
A11: 44687 | B11: TERRAZA ENTRADA PARQUEADERO | E11: 17 | F11: 5.9 | I11: =+E11*F11 -> 100.3
A19: Total acumulado hoja
A20: Cantidad Total | I20: =+I11+I12+I13+I14+I15+I16 -> 100.3
A21: OBSERVACIONES ______________________________________________________________________________________________________
A24: Certificamos que estos trabajos han sido revisados por nosotros y se encuentran a conformidad.
A25: Elaboró | B25: Luisa Fda Marulanda S. | D25: Revisó | H25: Vo.Bo. Contratante
A26: Cargo | B26: Residente de Obra | D26: Cargo | H26: Nombre: Octavio Gallego
A27: Firma | D27: Firma | H27: Firma:

Sheet EXCAV ZANJA
C1: SISTEMA DE GESTIÓN DE LA CALIDAD
C2: MEMORIA MEDICIÓN DE CANTIDADES DE OBRA
A4: OBJETO: | C4: CONSTRUCCIÓN DE CASA LOTE 1 QUINTAS DE SAN ANTONIO-SANTAGUEDA | J4: RESUMEN DE PAGOS
J5: ACTA 1 | M5: ACTA 4 | N5: 9.84
A6: CONTRATANTE: | C6: CARLOS MARULANDA | J6: ACTA 2 | K6: 21.978 | M6: ACTA 5 | N6: 7.56
A7: CONTRATISTA: | C7: OCTAVIO GALLEGO | J7: ACTA 3 | M7: ACTA 6
J8: ACTA 7 | M8: ACTA 8
J9: ACTA 9 | K9: =+I19 -> 4.8 | M9: ACTA 10
F10: Unidad: M3 | J10: ESQUEMA
A11: Item :EXCAVACIÓN EN ZANJA - MATERIAL COMÚN - 0.0 A 2.0 M
A12: FECHA | B12: DETALLE | E12: LARGO | F12: ANCHO | G12: ALTO | H12: CANT. | I12: TOTAL
A13: 44757 | B13: BRECHA DE GAS | E13: 20 | F13: 0.4 | G13: 0.6 | H13: 1 | I13: =+E13*F13*G13*H13 -> 4.8
A18: Total acumulado hoja
A19: Cantidad Total | I19: =+SUM(I13:I17) -> 4.8
A20: OBSERVACIONES ______________________________________________________________________________________________________
A23: Certificamos que estos trabajos han sido revisados por nosotros y se encuentran a conformidad.
A24: Elaboró | B24: Luisa Fda Marulanda S. | D24: Revisó | E24: Carlos Marulanda | H24: Vo.Bo. Contratista
A25: Cargo | B25: Residente de Obra | D25: Cargo | E25: Contratante | H25: Nombre: Octavio Gallego
A26: Firma | D26: Firma | H26: Firma:

Sheet EXCAV.
C1: SISTEMA DE GESTIÓN DE LA CALIDAD
C2: MEMORIA MEDICIÓN DE CANTIDADES DE OBRA
A4: OBJETO: | C4: CONSTRUCCIÓN DE CASA LOTE 1 QUINTAS DE SAN ANTONIO-SANTAGUEDA | J4: RESUMEN DE PAGOS
J5: ACTA 1 | K5: 18.432 | M5: ACTA 4
A6: CONTRATANTE: | C6: CARLOS MARULANDA | J6: ACTA 2 | K6: 21.306 | M6: ACTA 5 | N6: =+I20 -> 1.5
A7: CONTRATISTA: | C7: OCTAVIO GALLEGO | J7: ACTA 3 | M7: ACTA 6
F8: Unidad: M3 | J8: ESQUEMA
A9: Item :EXCAVACIÓN ESTRUCTURAS - MATERIAL COMÚN - 0.0 A 2.0 M
A10: FECHA | B10: DETALLE | E10: LARGO | F10: ANCHO | G10: ALTO | H10: CANT. | I10: TOTAL
A11: 44659 | B11: FILTRO PARTE TRASERA | E11: 1 | F11: 1 | G11: 1.5 | H11: 1 | I11: =+E11*F11*G11*H11 -> 1.5
A19: Total acumulado hoja
A20: Cantidad Total | I20: =+I11+I12+I13+I14+I15+I16 -> 1.5
A21: OBSERVACIONES ______________________________________________________________________________________________________
A24: Certificamos que estos trabajos han sido revisados por nosotros y se encuentran a conformidad.
A25: Elaboró | B25: Luisa Fda Marulanda S. | D25: Revisó | E25: Carlos Marulanda | H25: Vo.Bo. Contratista
A26: Cargo | B26: Residente de Obra | D26: Cargo | E26: Contratante | H26: Nombre: Octavio Gallego
A27: Firma | D27: Firma | H27: Firma:

Sheet Acta final Cantidades 
C2: ACTA FINAL DE CANTIDADES
B3: “Realizar a precios unitarios fijos las obras de mantenimientos preventivos y/o correctivos de la sede Armenia de la escuela ESAP, específicamente en el área de las oficinas, el depósito y el aula 101, de la sede que presentan deterioro"
B4: LOCALIZACIÓN DEL PROYECTO: | E4: Armenia - Quindío
B5: FECHA | E5: 45250
B6: PLAZO DE EJECUCIÓN DEL CONTRATO: | E6: 30 Dias
B7: PRORROGAS: | E7: 30 Dias
B8: FECHA DE INICIO DEL CONTRATO: | E8: 45210
B9: FECHA DE TERMINACIÓN INICIAL: | E9: 45240
B10: FECHA DE TERMINACIÓN FINAL: | E10: 45270
B11: VALOR DEL CONTRATO: ($) | E11: =G34 -> 41511788
B12: ADICIONES: ($) | E12: =L34-G34 -> 20365322
B13: VALOR FINAL DEL CONTRATO: ($) | E13: =+E11+E12 -> 61877111
C14: CONDICIONES ORIGINALES DEL CONTRATO | H14: CONDICIONES ACTUALIZADAS (Acta Anterior) | I14: MODIFICACIÓN DE CANTIDADES | K14: CONDICIONES ACTUALIZADAS
B15: ÍTEM | C15: DESCRIPCIÓN | D15: UN | E15: CANTIDAD | F15: VALOR UNITARIO | G15: VALOR TOTAL | H15: CANTIDAD | I15: + | J15: - | K15: CANTIDAD | L15: VALOR PARCIAL
B16: 1 | C16: Recorrido, revisión, desmonte y Retiro de cubierta existente averiada Incluye retiro de escombro a botadero certificado y Suministro e instalación de tejas de fibrocemento No 7 Eternit, Incluye revisión, ajuste y corrección de atraques y estructura existente | D16: M2 | E16: 62 | F16: 70000 | G16: =E16*F16 -> 4340000 | H16: =E16 -> 62 | I16: =IF(K16>E16,(K16-H16),"") | J16: =IF(K16<E16,(H16-K16),"") -> 62 | K16: 0 | L16: =F16*K16 -> 0
B17: 2 | C17: Suministro e instalación de ventanería con carpintería en aluminio natural Perfil U78 ventanería fija, Pisavidrio al centro en perfil U74 y Pisavidrio de álamo interior ventanería royectante con Pisavidrio de álamo Doble vidrio de 6mm largo, incluye cerrajería para elementos batientes, empaques de caucho, manijas, marcos, sellos, y empaques. Incluye Desmonte y disposición de ventanería metálica existente, incluye retiro, cargue y transporte del material vidrio y carpintería metálica, en un botadero certificado proporcionado por el contratista | D17: M2 | E17: 28 | F17: 378000 | G17: =E17*F17 -> 10584000 | H17: =E17 -> 28 | I17: =IF(K17>E17,(K17-H17),"") -> 17.72 | J17: =IF(K17<E17,(H17-K17),"") | K17: 45.72 | L17: =F17*K17 -> 17282160
B18: 3 | C18: Suministro e instalación de cielo raso en Gyplac de 1/2" incluye acabado | D18: M2 | E18: 178 | F18: 52000 | G18: =E18*F18 -> 9256000 | H18: =E18 -> 178 | I18: =IF(K18>E18,(K18-H18),"") | J18: =IF(K18<E18,(H18-K18),"") -> 178 | K18: 0 | L18: =F18*K18 -> 0
B19: 4 | C19: Resane, impermeabilización estucado y pintura en vinilo tipo 1 color blanco a 2 manos incluye material y mano de obra | D19: M2 | E19: 90 | F19: 50000 | G19: =E19*F19 -> 4500000 | H19: =E19 -> 90 | I19: =IF(K19>E19,(K19-H19),"") | J19: =IF(K19<E19,(H19-K19),"") | K19: 90 | L19: =F19*K19 -> 4500000
B20: 5 | C20: Mantenimientos de canales de aguas lluvia . Incluye anticorrosivo, resane y pintura. Se debe incluir suministro de equipos para trabajos a mas de 4.0 mts de altura y EPP, personal calificado y debidamente acreditado. | D20: ML | E20: 42 | F20: 37000 | G20: =E20*F20 -> 1554000 | H20: =E20 -> 42 | I20: =IF(K20>E20,(K20-H20),"") | J20: =IF(K20<E20,(H20-K20),"") | K20: 42 | L20: =F20*K20 -> 1554000
B21: 6 | C21: Suministro e instalación de flanche metálico. Incluye equipo y personal certificado e idóneo para trabajo en alturas. | D21: ML | E21: 42 | F21: 54000 | G21: =E21*F21 -> 2268000 | H21: =E21 -> 42 | I21: =IF(K21>E21,(K21-H21),"") | J21: =IF(K21<E21,(H21-K21),"") | K21: 42 | L21: =F21*K21 -> 2268000
B22: 7 | C22: Suministro e instalación de lámparas panel led de 30X120 incluye cable y empalme con conector terminal de tornillo con inserción de resorte tuerca giratorias, que estén en mal estado y 1,5 Mts de cable # 12 Awg, para fase y neutro | D22: UN | E22: 12 | F22: 150000 | G22: =E22*F22 -> 1800000 | H22: =E22 -> 12 | I22: =IF(K22>E22,(K22-H22),"") | J22: =IF(K22<E22,(H22-K22),"") -> 8 | K22: 4 | L22: =F22*K22 -> 600000
B23: 8 | C23: Limpieza diaria, recolección de material sobrante y disposición final de escombros. | D23: GL | E23: 1 | F23: 316519 | G23: =E23*F23 -> 316519 | H23: =E23 -> 1 | I23: =IF(K23>E23,(K23-H23),"") | J23: =IF(K23<E23,(H23-K23),"") | K23: 1 | L23: =F23*K23 -> 316519
B24: 9 | C24: Limpieza de tanques de reserva de agua. Se debe incluir suministro de equipos para trabajos a mas de 4.0 mts de altura y EPP, personal calificado y debidamente acreditado. Incluye elementos y productos de aseo. | D24: UN | E24: 2 | F24: 140000 | G24: =E24*F24 -> 280000 | H24: =E24 -> 2 | I24: =IF(K24>E24,(K24-H24),"") -> 2 | J24: =IF(K24<E24,(H24-K24),"") | K24: 4 | L24: =F24*K24 -> 560000
C25: ITEMS NUEVOS | I25: =IF(K25>H25,(K25-H25),"") | J25: =IF(K25<H25,(H25-K25),"")
B26: NP-01 | C26: PUERTAS BATIENTES con luceta MARCO U78 ENCHAPE aluminio natural F006 NAVE PERFIL DE 11/2 X 11/2 CHAPA DE SEGURIDAD. ENCHAPADA INCLUYE 1. DESMONTE DE PUERTA EXISTENTE 2. desmonte puertas metalicas disposición final de las puertas desmontadas con cargue y transporte del material vidrio y carpintería metálica, en un botadero certificado proporcionado por el contratista. 3. Suministro e instalación de puertas con carpintería en aluminio natural Perfil U78 con luceta vidrio fijo y marco en aluminio, incluye cerrajería para elementos batientes, empaques de caucho, manijas, marcos, sellos y revoque y carteras, filos. Este item incluye material y mano de obra. 4.vidrio de seguridad de 6mm. papel opaca vidrio. transporte | D26: M2 | F26: 730000 | H26: 14 | K26: 14 | L26: =F26*K26 -> 10220000
B27: NP-02 | C27: RECORRIDO CUBIERTA A TODO COSTO: Esto incluye: 1. recorrido, revisión, reacomodacion de la cubierta existente que actualmente se encuentra averiada, 2. Retiro de escombros a botadero certificado, 3. Asi mismo incluiye la revisión, ajuste, corrección de atraques y estructura existente 4. sellamiento de amarras con producto sika. | D27: M2 | F27: 15500 | H27: 198.5 | K27: 198.5 | L27: =F27*K27 -> 3076750
B28: NP-03 | C28: Desmonte rejas existentes, pintura anticorrosivo y esmalte, soldadura para acondicionamiento e instalación. Plástico provisional para protección de vanos. | D28: UN | F28: 120000 | H28: 11 | K28: 11 | L28: =F28*K28 -> 1320000
B29: NP-04 | C29: Suministro e instalación de cielo raso en PVC incluye acabado. | D29: M2 | F29: 52000 | H29: 198.5 | K29: 198.5 | L29: =F29*K29 -> 10322000
B30: COSTOS DIRECTOS | G30: =+SUM(G16:G24) -> 34898519 | L30: =+SUM(L16:L29) -> 52019429
B31: Administración | F31: 0.13 | G31: =+$G$30*F31 -> 4536807.5 | L31: =+L30*F31 -> 6762525.8
B32: Utilidad | F32: 0.05 | G32: =+$G$30*F32 -> 1744926 | L32: =+L30*F32 -> 2600971.5
B33: Iva sobre Utilidad | F33: 0.19 | G33: =+G32*F33 -> 331535.93 | L33: =+L32*F33 -> 494184.58
B34: TOTAL OFERTA | G34: =+SUM(G30:G33) -> 41511788 | L34: =+SUM(L30:L33) -> 61877111
B35: SON:
B38: RESUMEN DEL CONTRATO
B39: VALOR DEL CONTRATO | D39: =G34 -> 41511788
B40: VALOR ACTAS ANTERIORES | D40: 0
B41: VALOR PRESENTE ACTA | D41: =L34 -> 61877111
B42: VALOR DEL CONTRATO MAS LOS ADICIONALES | C42: VALOR ACUMULADO EJCUTADO | D42: =+D40+D41 -> 61877111
B43: VALOR ADICIONES | D43: =L34-G34 -> 20365322
B44: PORCENTAJE ADICIONAL | D44: =D43/G34 -> 0.49059131
B45: SUMAS IGUALES | D45: =+D39+D43 -> 61877111
B46: VALOR A PAGAR | D46: =+D41 -> 61877111
B49: Por medio de la presente Acta, firman en los que ella intervenieron a los 20 dias del mes de Noviembre de 2023
C55: FIRMA | G55: FIRMA
C56: NOMBRE: FRANCISCO JAVIER LONDOÑO FERNANDEZ - DICOIN S.A.S | G56: NOMBRE: SANDRA MILENA OCAMPO DELGADO
C57: C.C. 18.591.794 | G57: C.C. 42.108.619
C58: CONTRATISTA Contrato ESAP-DT-RIS-MC-04-006-2023 | G58: SUPERVISOR Contrato ESAP-DT-RIS-MC-04-006-2023
C67: FIRMA
C68: NOMBRE: DAVID RUIZ DUQUE
C69: APOYO TECNICO A LA SUPERVISION Contrato ESAP-DT-RIS-MC-04-006-2023

Sheet 1
C1: SISTEMA DE GESTIÓN DE LA CALIDAD
C2: MEMORIA MEDICIÓN DE CANTIDADES DE OBRA
A4: OBJETO: | C4: "Realizar a precios unitarios fijos las obras de mantenimientos preventivos y/o correctivos de la sede Armenia de la Escuela ESAP, específicamente en el área de las oficinas, el depósito y el aula 101, de la sede que presentan deterioro." | J4: RESUMEN DE PAGOS
J5: ACTA 1 | K5: 0
A6: CONTRATANTE: | C6: ESCUELA SUPERIOR DE ADMINISTARCION PUBLICA | J6: ACTA 2
A7: CONTRATISTA: | C7: DICOIN SAS | J7: ACTA 3
A8: CONTRATO: | C8: ESAP-DT-RIS-MC-04-006-2023
A9: SUPERVISOR: | C9: SANDRA MILENA OCAMPO DELGADO
A10: APOYO TECNICO A LA SUPERVISION | C10: DAVID RUIZ DUQUE
F11: Unidad: | H11: ='Acta final Cantidades '!D16 -> M2 | J11: ESQUEMA
A12: Item | B12: ='Acta final Cantidades '!B16 -> 1 | C12: ='Acta final Cantidades '!C16 -> Recorrido, revisión, desmonte y Retiro de cubierta existente averiada Incluye retiro de escombro a botadero certificado y Suministro e instalación de tejas de fibrocemento No 7 Eternit, Incluye revisión, ajuste y corrección de atraques y estructura existente
A13: FECHA | B13: DETALLE | E13: LARGO | F13: ANCHO | G13: ALTO | H13: CANT. | I13: TOTAL
I14: =+H14 -> 0
I15: =+I14+H15 -> 0
I16: =+I15+H16 -> 0
I17: =+I16+H17 -> 0
I18: =+I17+H18 -> 0
I19: =+I18+H19 -> 0
I20: =+I19+H20 -> 0
I21: =+I20+H21 -> 0
I22: =+I21+H22 -> 0
I23: =+I22+H23 -> 0
I24: =+I23+H24 -> 0
I25: =+I24+H25 -> 0
I26: =+I25+H26 -> 0
I27: =+I26+H27 -> 0
A28: Total acumulado hoja | I28: =+I27+H28 -> 0
A29: Cantidad Total | I29: =+I28+H29 -> 0
A30: OBSERVACIONES ______________________________________________________________________________________________________
A31: No se tuvo que hacer debido a que ya se había hecho en otro proceso con anterioridad
A32: Elaboró | B32: FRANCISCO JAVIER LONDOÑO FERNANDEZ | F32: Revisó | H32: DAVID RUIZ DUQUE
A33: Cargo | B33: Director de obra | F33: Cargo | H33: Apoyo tecnico a la supervision
A34: Firma | F34: Firma

Sheet 2
C1: SISTEMA DE GESTIÓN DE LA CALIDAD
C2: MEMORIA MEDICIÓN DE CANTIDADES DE OBRA
A4: OBJETO: | C4: "Realizar a precios unitarios fijos las obras de mantenimientos preventivos y/o correctivos de la sede Armenia de la Escuela ESAP, específicamente en el área de las oficinas, el depósito y el aula 101, de la sede que presentan deterioro." | J4: RESUMEN DE PAGOS
J5: ACTA 1 | K5: 0
A6: CONTRATANTE: | C6: ESCUELA SUPERIOR DE ADMINISTARCION PUBLICA | J6: ACTA 2
A7: CONTRATISTA: | C7: DICOIN SAS | J7: ACTA 3
A8: CONTRATO: | C8: ESAP-DT-RIS-MC-04-006-2023
A9: SUPERVISOR: | C9: SANDRA MILENA OCAMPO DELGADO
A10: APOYO TECNICO A LA SUPERVISION | C10: DAVID RUIZ DUQUE
F11: Unidad: | H11: ='Acta final Cantidades '!D17 -> M2 | J11: ESQUEMA
A12: Item | B12: ='Acta final Cantidades '!B17 -> 2 | C12: ='Acta final Cantidades '!C17 -> Suministro e instalación de ventanería con carpintería en aluminio natural Perfil U78 ventanería fija, Pisavidrio al centro en perfil U74 y Pisavidrio de álamo interior ventanería royectante con Pisavidrio de álamo Doble vidrio de 6mm largo, incluye cerrajería para elementos batientes, empaques de caucho, manijas, marcos, sellos, y empaques. Incluye Desmonte y disposición de ventanería metálica existente, incluye retiro, cargue y transporte del material vidrio y carpintería metálica, en un botadero certificado proporcionado por el contratista
A13: FECHA | B13: DETALLE | E13: LARGO | F13: ANCHO | G13: ALTO | H13: CANT. | I13: TOTAL
A14: 45210 | B14: Desmonte y disposición de los marcos de la ventanería | H14: ='Acta final Cantidades '!K17 -> 45.72 | I14: =+H14 -> 45.72
A15: 45212 | B15: Suministro e instalación de ventanería, marcos, pisavidrio, vidrio, encauchetado, etc | H15: ='Acta final Cantidades '!K17 -> 45.72 | I15: =+H15 -> 45.72
I16: =+I15+H16 -> 45.72
I17: =+I16+H17 -> 45.72
I18: =+I17+H18 -> 45.72
I19: =+I18+H19 -> 45.72
I20: =+I19+H20 -> 45.72
I21: =+I20+H21 -> 45.72
I22: =+I21+H22 -> 45.72
I23: =+I22+H23 -> 45.72
I24: =+I23+H24 -> 45.72
I25: =+I24+H25 -> 45.72
I26: =+I25+H26 -> 45.72
I27: =+I26+H27 -> 45.72
A28: Total acumulado hoja | I28: =+I27+H28 -> 45.72
A29: Cantidad Total | I29: =+I28+H29 -> 45.72
A30: OBSERVACIONES ______________________________________________________________________________________________________
A31: Certificamos que estos trabajos han sido revisados por nosotros y se encuentran a conformidad.
A32: Elaboró | B32: FRANCISCO JAVIER LONDOÑO FERNANDEZ | F32: Revisó | H32: DAVID RUIZ DUQUE
A33: Cargo | B33: Director de obra | F33: Cargo | H33: Apoyo tecnico a la supervision
A34: Firma | F34: Firma

Sheet 3
C1: SISTEMA DE GESTIÓN DE LA CALIDAD
C2: MEMORIA MEDICIÓN DE CANTIDADES DE OBRA
A4: OBJETO: | C4: "Realizar a precios unitarios fijos las obras de mantenimientos preventivos y/o correctivos de la sede Armenia de la Escuela ESAP, específicamente en el área de las oficinas, el depósito y el aula 101, de la sede que presentan deterioro." | J4: RESUMEN DE PAGOS
J5: ACTA 1 | K5: 0
A6: CONTRATANTE: | C6: ESCUELA SUPERIOR DE ADMINISTARCION PUBLICA | J6: ACTA 2
A7: CONTRATISTA: | C7: DICOIN SAS | J7: ACTA 3
A8: CONTRATO: | C8: ESAP-DT-RIS-MC-04-006-2023
A9: SUPERVISOR: | C9: SANDRA MILENA OCAMPO DELGADO
A10: APOYO TECNICO A LA SUPERVISION | C10: DAVID RUIZ DUQUE
F11: Unidad: | H11: ='Acta final Cantidades '!D18 -> M2 | J11: ESQUEMA
A12: Item | B12: ='Acta final Cantidades '!B18 -> 3 | C12: ='Acta final Cantidades '!C18 -> Suministro e instalación de cielo raso en Gyplac de 1/2" incluye acabado
A13: FECHA | B13: DETALLE | E13: LARGO | F13: ANCHO | G13: ALTO | H13: CANT. | I13: TOTAL
A14: 45218 | B14: Suministro e instalación cielos rasos en gyplac | H14: ='Acta final Cantidades '!K18 -> 0 | I14: =+H14 -> 0
I15: =+H15+I14 -> 0
I16: =+I15+H16 -> 0
I17: =+I16+H17 -> 0
I18: =+I17+H18 -> 0
I19: =+I18+H19 -> 0
I20: =+I19+H20 -> 0
I21: =+I20+H21 -> 0
I22: =+I21+H22 -> 0
I23: =+I22+H23 -> 0
I24: =+I23+H24 -> 0
I25: =+I24+H25 -> 0
I26: =+I25+H26 -> 0
I27: =+I26+H27 -> 0
A28: Total acumulado hoja | I28: =+I27+H28 -> 0
A29: Cantidad Total | I29: =+I28+H29 -> 0
A30: OBSERVACIONES ______________________________________________________________________________________________________
A31: Certificamos que estos trabajos han sido revisados por nosotros y se encuentran a conformidad.
A32: Elaboró | B32: FRANCISCO JAVIER LONDOÑO FERNANDEZ | F32: Revisó | H32: DAVID RUIZ DUQUE
A33: Cargo | B33: Director de obra | F33: Cargo | H33: Apoyo tecnico a la supervision
A34: Firma | F34: Firma

Sheet 4
C1: SISTEMA DE GESTIÓN DE LA CALIDAD
C2: MEMORIA MEDICIÓN DE CANTIDADES DE OBRA
A4: OBJETO: | C4: "Realizar a precios unitarios fijos las obras de mantenimientos preventivos y/o correctivos de la sede Armenia de la Escuela ESAP, específicamente en el área de las oficinas, el depósito y el aula 101, de la sede que presentan deterioro." | J4: RESUMEN DE PAGOS
J5: ACTA 1 | K5: 0
A6: CONTRATANTE: | C6: ESCUELA SUPERIOR DE ADMINISTARCION PUBLICA | J6: ACTA 2
A7: CONTRATISTA: | C7: DICOIN SAS | J7: ACTA 3
A8: CONTRATO: | C8: ESAP-DT-RIS-MC-04-006-2023
A9: SUPERVISOR: | C9: SANDRA MILENA OCAMPO DELGADO
A10: APOYO TECNICO A LA SUPERVISION | C10: DAVID RUIZ DUQUE
F11: Unidad: | H11: ='Acta final Cantidades '!D19 -> M2 | J11: ESQUEMA
A12: Item | B12: ='Acta final Cantidades '!B19 -> 4 | C12: ='Acta final Cantidades '!C19 -> Resane, impermeabilización estucado y pintura en vinilo tipo 1 color blanco a 2 manos incluye material y mano de obra
A13: FECHA | B13: DETALLE | E13: LARGO | F13: ANCHO | G13: ALTO | H13: CANT. | I13: TOTAL
A14: 45225 | B14: Resane, impermeabilización, estucado y pintura a 2 manos de muros | H14: ='Acta final Cantidades '!K19 -> 90 | I14: =+H14 -> 90
I15: =+H15+I14 -> 90
I16: =+I15+H16 -> 90
I17: =+I16+H17 -> 90
I18: =+I17+H18 -> 90
I19: =+I18+H19 -> 90
I20: =+I19+H20 -> 90
I21: =+I20+H21 -> 90
I22: =+I21+H22 -> 90
I23: =+I22+H23 -> 90
I24: =+I23+H24 -> 90
I25: =+I24+H25 -> 90
I26: =+I25+H26 -> 90
I27: =+I26+H27 -> 90
A28: Total acumulado hoja | I28: =+I27+H28 -> 90
A29: Cantidad Total | I29: =+I28+H29 -> 90
A30: OBSERVACIONES ______________________________________________________________________________________________________
A31: Certificamos que estos trabajos han sido revisados por nosotros y se encuentran a conformidad.
A32: Elaboró | B32: FRANCISCO JAVIER LONDOÑO FERNANDEZ | F32: Revisó | H32: DAVID RUIZ DUQUE
A33: Cargo | B33: Director de obra | F33: Cargo | H33: Apoyo tecnico a la supervision
A34: Firma | F34: Firma

Sheet 5
C1: SISTEMA DE GESTIÓN DE LA CALIDAD
C2: MEMORIA MEDICIÓN DE CANTIDADES DE OBRA
A4: OBJETO: | C4: "Realizar a precios unitarios fijos las obras de mantenimientos preventivos y/o correctivos de la sede Armenia de la Escuela ESAP, específicamente en el área de las oficinas, el depósito y el aula 101, de la sede que presentan deterioro." | J4: RESUMEN DE PAGOS
J5: ACTA 1 | K5: 0
A6: CONTRATANTE: | C6: ESCUELA SUPERIOR DE ADMINISTARCION PUBLICA | J6: ACTA 2
A7: CONTRATISTA: | C7: DICOIN SAS | J7: ACTA 3
A8: CONTRATO: | C8: ESAP-DT-RIS-MC-04-006-2023
A9: SUPERVISOR: | C9: SANDRA MILENA OCAMPO DELGADO
A10: APOYO TECNICO A LA SUPERVISION | C10: DAVID RUIZ DUQUE
F11: Unidad: | H11: ='Acta final Cantidades '!D20 -> ML | J11: ESQUEMA
A12: Item | B12: ='Acta final Cantidades '!B20 -> 5 | C12: ='Acta final Cantidades '!C20 -> Mantenimientos de canales de aguas lluvia . Incluye anticorrosivo, resane y pintura. Se debe incluir suministro de equipos para trabajos a mas de 4.0 mts de altura y EPP, personal calificado y debidamente acreditado.
A13: FECHA | B13: DETALLE | E13: LARGO | F13: ANCHO | G13: ALTO | H13: CANT. | I13: TOTAL
A14: 45231 | B14: Mantenimiento de canales de agua lluvia | H14: ='Acta final Cantidades '!K20 -> 42 | I14: =+H14 -> 42
I15: =+H15+I14 -> 42
I16: =+I15+H16 -> 42
I17: =+I16+H17 -> 42
I18: =+I17+H18 -> 42
I19: =+I18+H19 -> 42
I20: =+I19+H20 -> 42
I21: =+I20+H21 -> 42
I22: =+I21+H22 -> 42
I23: =+I22+H23 -> 42
I24: =+I23+H24 -> 42
I25: =+I24+H25 -> 42
I26: =+I25+H26 -> 42
I27: =+I26+H27 -> 42
A28: Total acumulado hoja | I28: =+I27+H28 -> 42
A29: Cantidad Total | I29: =+I28+H29 -> 42
A30: OBSERVACIONES ______________________________________________________________________________________________________
A31: Certificamos que estos trabajos han sido revisados por nosotros y se encuentran a conformidad.
A32: Elaboró | B32: FRANCISCO JAVIER LONDOÑO FERNANDEZ | F32: Revisó | H32: DAVID RUIZ DUQUE
A33: Cargo | B33: Director de obra | F33: Cargo | H33: Apoyo tecnico a la supervision
A34: Firma | F34: Firma

Sheet 6
C1: SISTEMA DE GESTIÓN DE LA CALIDAD
C2: MEMORIA MEDICIÓN DE CANTIDADES DE OBRA
A4: OBJETO: | C4: "Realizar a precios unitarios fijos las obras de mantenimientos preventivos y/o correctivos de la sede Armenia de la Escuela ESAP, específicamente en el área de las oficinas, el depósito y el aula 101, de la sede que presentan deterioro." | J4: RESUMEN DE PAGOS
J5: ACTA 1 | K5: 0
A6: CONTRATANTE: | C6: ESCUELA SUPERIOR DE ADMINISTARCION PUBLICA | J6: ACTA 2
A7: CONTRATISTA: | C7: DICOIN SAS | J7: ACTA 3
A8: CONTRATO: | C8: ESAP-DT-RIS-MC-04-006-2023
A9: SUPERVISOR: | C9: SANDRA MILENA OCAMPO DELGADO
A10: APOYO TECNICO A LA SUPERVISION | C10: DAVID RUIZ DUQUE
F11: Unidad: | H11: ='Acta final Cantidades '!D21 -> ML | J11: ESQUEMA
A12: Item | B12: ='Acta final Cantidades '!B21 -> 6 | C12: ='Acta final Cantidades '!C21 -> Suministro e instalación de flanche metálico. Incluye equipo y personal certificado e idóneo para trabajo en alturas.
A13: FECHA | B13: DETALLE | E13: LARGO | F13: ANCHO | G13: ALTO | H13: CANT. | I13: TOTAL
A14: 45236 | B14: Suministro e instalación de flanches metálicos | H14: ='Acta final Cantidades '!K21 -> 42 | I14: =+H14 -> 42
I15: =+H15+I14 -> 42
I16: =+I15+H16 -> 42
I17: =+I16+H17 -> 42
I18: =+I17+H18 -> 42
I19: =+I18+H19 -> 42
I20: =+I19+H20 -> 42
I21: =+I20+H21 -> 42
I22: =+I21+H22 -> 42
I23: =+I22+H23 -> 42
I24: =+I23+H24 -> 42
I25: =+I24+H25 -> 42
I26: =+I25+H26 -> 42
I27: =+I26+H27 -> 42
A28: Total acumulado hoja | I28: =+I27+H28 -> 42
A29: Cantidad Total | I29: =+I28+H29 -> 42
A30: OBSERVACIONES ______________________________________________________________________________________________________
A31: Certificamos que estos trabajos han sido revisados por nosotros y se encuentran a conformidad.
A32: Elaboró | B32: FRANCISCO JAVIER LONDOÑO FERNANDEZ | F32: Revisó | H32: DAVID RUIZ DUQUE
A33: Cargo | B33: Director de obra | F33: Cargo | H33: Apoyo tecnico a la supervision
A34: Firma | F34: Firma

Sheet 7
C1: SISTEMA DE GESTIÓN DE LA CALIDAD
C2: MEMORIA MEDICIÓN DE CANTIDADES DE OBRA
A4: OBJETO: | C4: "Realizar a precios unitarios fijos las obras de mantenimientos preventivos y/o correctivos de la sede Armenia de la Escuela ESAP, específicamente en el área de las oficinas, el depósito y el aula 101, de la sede que presentan deterioro." | J4: RESUMEN DE PAGOS
J5: ACTA 1 | K5: 0
A6: CONTRATANTE: | C6: ESCUELA SUPERIOR DE ADMINISTARCION PUBLICA | J6: ACTA 2
A7: CONTRATISTA: | C7: DICOIN SAS | J7: ACTA 3
A8: CONTRATO: | C8: ESAP-DT-RIS-MC-04-006-2023
A9: SUPERVISOR: | C9: SANDRA MILENA OCAMPO DELGADO
A10: APOYO TECNICO A LA SUPERVISION | C10: DAVID RUIZ DUQUE
F11: Unidad: | H11: ='Acta final Cantidades '!D22 -> UN | J11: ESQUEMA
A12: Item | B12: ='Acta final Cantidades '!B22 -> 7 | C12: ='Acta final Cantidades '!C22 -> Suministro e instalación de lámparas panel led de 30X120 incluye cable y empalme con conector terminal de tornillo con inserción de resorte tuerca giratorias, que estén en mal estado y 1,5 Mts de cable # 12 Awg, para fase y neutro
A13: FECHA | B13: DETALLE | E13: LARGO | F13: ANCHO | G13: ALTO | H13: CANT. | I13: TOTAL
A14: 45240 | B14: Suministro e instalación de las lámparas led | H14: ='Acta final Cantidades '!K22 -> 4 | I14: =+H14 -> 4
I15: =+H15+I14 -> 4
I16: =+I15+H16 -> 4
I17: =+I16+H17 -> 4
I18: =+I17+H18 -> 4
I19: =+I18+H19 -> 4
I20: =+I19+H20 -> 4
I21: =+I20+H21 -> 4
I22: =+I21+H22 -> 4
I23: =+I22+H23 -> 4
I24: =+I23+H24 -> 4
I25: =+I24+H25 -> 4
I26: =+I25+H26 -> 4
I27: =+I26+H27 -> 4
A28: Total acumulado hoja | I28: =+I27+H28 -> 4
A29: Cantidad Total | I29: =+I28+H29 -> 4
A30: OBSERVACIONES ______________________________________________________________________________________________________
A31: Certificamos que estos trabajos han sido revisados por nosotros y se encuentran a conformidad.
A32: Elaboró | B32: FRANCISCO JAVIER LONDOÑO FERNANDEZ | F32: Revisó | H32: DAVID RUIZ DUQUE
A33: Cargo | B33: Director de obra | F33: Cargo | H33: Apoyo tecnico a la supervision
A34: Firma | F34: Firma

Sheet 8
C1: SISTEMA DE GESTIÓN DE LA CALIDAD
C2: MEMORIA MEDICIÓN DE CANTIDADES DE OBRA
A4: OBJETO: | C4: "Realizar a precios unitarios fijos las obras de mantenimientos preventivos y/o correctivos de la sede Armenia de la Escuela ESAP, específicamente en el área de las oficinas, el depósito y el aula 101, de la sede que presentan deterioro." | J4: RESUMEN DE PAGOS
J5: ACTA 1 | K5: 0
A6: CONTRATANTE: | C6: ESCUELA SUPERIOR DE ADMINISTARCION PUBLICA | J6: ACTA 2
A7: CONTRATISTA: | C7: DICOIN SAS | J7: ACTA 3
A8: CONTRATO: | C8: ESAP-DT-RIS-MC-04-006-2023
A9: SUPERVISOR: | C9: SANDRA MILENA OCAMPO DELGADO
A10: APOYO TECNICO A LA SUPERVISION | C10: DAVID RUIZ DUQUE
F11: Unidad: | H11: ='Acta final Cantidades '!D23 -> GL | J11: ESQUEMA
A12: Item | B12: ='Acta final Cantidades '!B23 -> 8 | C12: ='Acta final Cantidades '!C23 -> Limpieza diaria, recolección de material sobrante y disposición final de escombros.
A13: FECHA | B13: DETALLE | E13: LARGO | F13: ANCHO | G13: ALTO | H13: CANT. | I13: TOTAL
A14: 45243 | B14: Limpieza de escombros | H14: ='Acta final Cantidades '!K23/2 -> 0.5 | I14: =+H14 -> 0.5
A15: 45244 | B15: Disposición final a sitio autorizado por la ley | H15: ='Acta final Cantidades '!K23/2 -> 0.5 | I15: =+H15+I14 -> 1
I16: =+I15+H16 -> 1
I17: =+I16+H17 -> 1
I18: =+I17+H18 -> 1
I19: =+I18+H19 -> 1
I20: =+I19+H20 -> 1
I21: =+I20+H21 -> 1
I22: =+I21+H22 -> 1
I23: =+I22+H23 -> 1
I24: =+I23+H24 -> 1
I25: =+I24+H25 -> 1
I26: =+I25+H26 -> 1
I27: =+I26+H27 -> 1
A28: Total acumulado hoja | I28: =+I27+H28 -> 1
A29: Cantidad Total | I29: =+I28+H29 -> 1
A30: OBSERVACIONES ______________________________________________________________________________________________________
A31: Certificamos que estos trabajos han sido revisados por nosotros y se encuentran a conformidad.
A32: Elaboró | B32: FRANCISCO JAVIER LONDOÑO FERNANDEZ | F32: Revisó | H32: DAVID RUIZ DUQUE
A33: Cargo | B33: Director de obra | F33: Cargo | H33: Apoyo tecnico a la supervision
A34: Firma | F34: Firma

Sheet 9
C1: SISTEMA DE GESTIÓN DE LA CALIDAD
C2: MEMORIA MEDICIÓN DE CANTIDADES DE OBRA
A4: OBJETO: | C4: "Realizar a precios unitarios fijos las obras de mantenimientos preventivos y/o correctivos de la sede Armenia de la Escuela ESAP, específicamente en el área de las oficinas, el depósito y el aula 101, de la sede que presentan deterioro." | J4: RESUMEN DE PAGOS
J5: ACTA 1 | K5: 0
A6: CONTRATANTE: | C6: ESCUELA SUPERIOR DE ADMINISTARCION PUBLICA | J6: ACTA 2
A7: CONTRATISTA: | C7: DICOIN SAS | J7: ACTA 3
A8: CONTRATO: | C8: ESAP-DT-RIS-MC-04-006-2023
A9: SUPERVISOR: | C9: SANDRA MILENA OCAMPO DELGADO
A10: APOYO TECNICO A LA SUPERVISION | C10: DAVID RUIZ DUQUE
F11: Unidad: | H11: ='Acta final Cantidades '!D24 -> UN | J11: ESQUEMA
A12: Item | B12: ='Acta final Cantidades '!B24 -> 9 | C12: ='Acta final Cantidades '!C24 -> Limpieza de tanques de reserva de agua. Se debe incluir suministro de equipos para trabajos a mas de 4.0 mts de altura y EPP, personal calificado y debidamente acreditado. Incluye elementos y productos de aseo.
A13: FECHA | B13: DETALLE | E13: LARGO | F13: ANCHO | G13: ALTO | H13: CANT. | I13: TOTAL
A14: 45245 | B14: Limpieza de tanques de reserva de agua | H14: ='Acta final Cantidades '!K24 -> 4 | I14: =+H14 -> 4
I15: =+H15+I14 -> 4
I16: =+I15+H16 -> 4
I17: =+I16+H17 -> 4
I18: =+I17+H18 -> 4
I19: =+I18+H19 -> 4
I20: =+I19+H20 -> 4
I21: =+I20+H21 -> 4
I22: =+I21+H22 -> 4
I23: =+I22+H23 -> 4
I24: =+I23+H24 -> 4
I25: =+I24+H25 -> 4
I26: =+I25+H26 -> 4
I27: =+I26+H27 -> 4
A28: Total acumulado hoja | I28: =+I27+H28 -> 4
A29: Cantidad Total | I29: =+I28+H29 -> 4
A30: OBSERVACIONES ______________________________________________________________________________________________________
A31: Certificamos que estos trabajos han sido revisados por nosotros y se encuentran a conformidad.
A32: Elaboró | B32: FRANCISCO JAVIER LONDOÑO FERNANDEZ | F32: Revisó | H32: DAVID RUIZ DUQUE
A33: Cargo | B33: Director de obra | F33: Cargo | H33: Apoyo tecnico a la supervision
A34: Firma | F34: Firma

Sheet NP-01
C1: SISTEMA DE GESTIÓN DE LA CALIDAD
C2: MEMORIA MEDICIÓN DE CANTIDADES DE OBRA
A4: OBJETO: | C4: "Realizar a precios unitarios fijos las obras de mantenimientos preventivos y/o correctivos de la sede Armenia de la Escuela ESAP, específicamente en el área de las oficinas, el depósito y el aula 101, de la sede que presentan deterioro." | J4: RESUMEN DE PAGOS
J5: ACTA 1 | K5: 0
A6: CONTRATANTE: | C6: ESCUELA SUPERIOR DE ADMINISTARCION PUBLICA | J6: ACTA 2
A7: CONTRATISTA: | C7: DICOIN SAS | J7: ACTA 3
A8: CONTRATO: | C8: ESAP-DT-RIS-MC-04-006-2023
A9: SUPERVISOR: | C9: SANDRA MILENA OCAMPO DELGADO
A10: APOYO TECNICO A LA SUPERVISION | C10: DAVID RUIZ DUQUE
F11: Unidad: | H11: ='Acta final Cantidades '!D26 -> M2 | J11: ESQUEMA
A12: Item | B12: ='Acta final Cantidades '!B26 -> NP-01 | C12: ='Acta final Cantidades '!C26 -> PUERTAS BATIENTES con luceta MARCO U78 ENCHAPE aluminio natural F006 NAVE PERFIL DE 11/2 X 11/2 CHAPA DE SEGURIDAD. ENCHAPADA INCLUYE 1. DESMONTE DE PUERTA EXISTENTE 2. desmonte puertas metalicas disposición final de las puertas desmontadas con cargue y transporte del material vidrio y carpintería metálica, en un botadero certificado proporcionado por el contratista. 3. Suministro e instalación de puertas con carpintería en aluminio natural Perfil U78 con luceta vidrio fijo y marco en aluminio, incluye cerrajería para elementos batientes, empaques de caucho, manijas, marcos, sellos y revoque y carteras, filos. Este item incluye material y mano de obra. 4.vidrio de seguridad de 6mm. papel opaca vidrio. transporte
A13: FECHA | B13: DETALLE | E13: LARGO | F13: ANCHO | G13: ALTO | H13: CANT. | I13: TOTAL
A14: 45247 | B14: Retiro de los marcos de las puertas existentes y reemplazo por los nuevos | H14: ='Acta final Cantidades '!K26 -> 14 | I14: =+H14 -> 14
A15: 45250 | B15: Suministro e instalación de puertas batientes enchape en aluminio | H15: ='Acta final Cantidades '!K26 -> 14 | I15: =+H15 -> 14
I16: =+I15+H16 -> 14
I17: =+I16+H17 -> 14
I18: =+I17+H18 -> 14
I19: =+I18+H19 -> 14
I20: =+I19+H20 -> 14
I21: =+I20+H21 -> 14
I22: =+I21+H22 -> 14
I23: =+I22+H23 -> 14
I24: =+I23+H24 -> 14
I25: =+I24+H25 -> 14
I26: =+I25+H26 -> 14
I27: =+I26+H27 -> 14
A28: Total acumulado hoja | I28: =+I27+H28 -> 14
A29: Cantidad Total | I29: =+I28+H29 -> 14
A30: OBSERVACIONES ______________________________________________________________________________________________________
A31: Certificamos que estos trabajos han sido revisados por nosotros y se encuentran a conformidad.
A32: Elaboró | B32: FRANCISCO JAVIER LONDOÑO FERNANDEZ | F32: Revisó | H32: DAVID RUIZ DUQUE
A33: Cargo | B33: Director de obra | F33: Cargo | H33: Apoyo tecnico a la supervision
A34: Firma | F34: Firma

Sheet NP-02
C1: SISTEMA DE GESTIÓN DE LA CALIDAD
C2: MEMORIA MEDICIÓN DE CANTIDADES DE OBRA
A4: OBJETO: | C4: "Realizar a precios unitarios fijos las obras de mantenimientos preventivos y/o correctivos de la sede Armenia de la Escuela ESAP, específicamente en el área de las oficinas, el depósito y el aula 101, de la sede que presentan deterioro." | J4: RESUMEN DE PAGOS
J5: ACTA 1 | K5: 0
A6: CONTRATANTE: | C6: ESCUELA SUPERIOR DE ADMINISTARCION PUBLICA | J6: ACTA 2
A7: CONTRATISTA: | C7: DICOIN SAS | J7: ACTA 3
A8: CONTRATO: | C8: ESAP-DT-RIS-MC-04-006-2023
A9: SUPERVISOR: | C9: SANDRA MILENA OCAMPO DELGADO
A10: APOYO TECNICO A LA SUPERVISION | C10: DAVID RUIZ DUQUE
F11: Unidad: | H11: ='Acta final Cantidades '!D27 -> M2 | J11: ESQUEMA
A12: Item | B12: ='Acta final Cantidades '!B27 -> NP-02 | C12: ='Acta final Cantidades '!C27 -> RECORRIDO CUBIERTA A TODO COSTO: Esto incluye: 1. recorrido, revisión, reacomodacion de la cubierta existente que actualmente se encuentra averiada, 2. Retiro de escombros a botadero certificado, 3. Asi mismo incluiye la revisión, ajuste, corrección de atraques y estructura existente 4. sellamiento de amarras con producto sika.
A13: FECHA | B13: DETALLE | E13: LARGO | F13: ANCHO | G13: ALTO | H13: CANT. | I13: TOTAL
A14: 45252 | B14: Recorrido, revisión, reacomodación de las cubiertas existentes averiadas y retiro de escombros a botadero certificado | H14: ='Acta final Cantidades '!K27 -> 198.5 | I14: =+H14 -> 198.5
I15: =+H15+I14 -> 198.5
I16: =+I15+H16 -> 198.5
I17: =+I16+H17 -> 198.5
I18: =+I17+H18 -> 198.5
I19: =+I18+H19 -> 198.5
I20: =+I19+H20 -> 198.5
I21: =+I20+H21 -> 198.5
I22: =+I21+H22 -> 198.5
I23: =+I22+H23 -> 198.5
I24: =+I23+H24 -> 198.5
I25: =+I24+H25 -> 198.5
I26: =+I25+H26 -> 198.5
I27: =+I26+H27 -> 198.5
A28: Total acumulado hoja | I28: =+I27+H28 -> 198.5
A29: Cantidad Total | I29: =+I28+H29 -> 198.5
A30: OBSERVACIONES ______________________________________________________________________________________________________
A31: Certificamos que estos trabajos han sido revisados por nosotros y se encuentran a conformidad.
A32: Elaboró | B32: FRANCISCO JAVIER LONDOÑO FERNANDEZ | F32: Revisó | H32: DAVID RUIZ DUQUE
A33: Cargo | B33: Director de obra | F33: Cargo | H33: Apoyo tecnico a la supervision
A34: Firma | F34: Firma

Sheet NP-03
C1: SISTEMA DE GESTIÓN DE LA CALIDAD
C2: MEMORIA MEDICIÓN DE CANTIDADES DE OBRA
A4: OBJETO: | C4: "Realizar a precios unitarios fijos las obras de mantenimientos preventivos y/o correctivos de la sede Armenia de la Escuela ESAP, específicamente en el área de las oficinas, el depósito y el aula 101, de la sede que presentan deterioro." | J4: RESUMEN DE PAGOS
J5: ACTA 1 | K5: 0
A6: CONTRATANTE: | C6: ESCUELA SUPERIOR DE ADMINISTARCION PUBLICA | J6: ACTA 2
A7: CONTRATISTA: | C7: DICOIN SAS | J7: ACTA 3
A8: CONTRATO: | C8: ESAP-DT-RIS-MC-04-006-2023
A9: SUPERVISOR: | C9: SANDRA MILENA OCAMPO DELGADO
A10: APOYO TECNICO A LA SUPERVISION | C10: DAVID RUIZ DUQUE
F11: Unidad: | H11: ='Acta final Cantidades '!D28 -> UN | J11: ESQUEMA
A12: Item | B12: ='Acta final Cantidades '!B28 -> NP-03 | C12: ='Acta final Cantidades '!C28 -> Desmonte rejas existentes, pintura anticorrosivo y esmalte, soldadura para acondicionamiento e instalación. Plástico provisional para protección de vanos.
A13: FECHA | B13: DETALLE | E13: LARGO | F13: ANCHO | G13: ALTO | H13: CANT. | I13: TOTAL
A14: 45253 | B14: Desmonte de rejas, aplicación de pintura anticorrosiva y esmalte | H14: ='Acta final Cantidades '!K28 -> 11 | I14: =+H14 -> 11
A15: 45254 | B15: Soldadura para acondicionamiento e instalación | H15: ='Acta final Cantidades '!K28 -> 11 | I15: =+H15 -> 11
I16: =+I15+H16 -> 11
I17: =+I16+H17 -> 11
I18: =+I17+H18 -> 11
I19: =+I18+H19 -> 11
I20: =+I19+H20 -> 11
I21: =+I20+H21 -> 11
I22: =+I21+H22 -> 11
I23: =+I22+H23 -> 11
I24: =+I23+H24 -> 11
I25: =+I24+H25 -> 11
I26: =+I25+H26 -> 11
I27: =+I26+H27 -> 11
A28: Total acumulado hoja | I28: =+I27+H28 -> 11
A29: Cantidad Total | I29: =+I28+H29 -> 11
A30: OBSERVACIONES ______________________________________________________________________________________________________
A31: Certificamos que estos trabajos han sido revisados por nosotros y se encuentran a conformidad.
A32: Elaboró | B32: FRANCISCO JAVIER LONDOÑO FERNANDEZ | F32: Revisó | H32: DAVID RUIZ DUQUE
A33: Cargo | B33: Director de obra | F33: Cargo | H33: Apoyo tecnico a la supervision
A34: Firma | F34: Firma

Sheet NP-04
C1: SISTEMA DE GESTIÓN DE LA CALIDAD
C2: MEMORIA MEDICIÓN DE CANTIDADES DE OBRA
A4: OBJETO: | C4: "Realizar a precios unitarios fijos las obras de mantenimientos preventivos y/o correctivos de la sede Armenia de la Escuela ESAP, específicamente en el área de las oficinas, el depósito y el aula 101, de la sede que presentan deterioro." | J4: RESUMEN DE PAGOS
J5: ACTA 1 | K5: 0
A6: CONTRATANTE: | C6: ESCUELA SUPERIOR DE ADMINISTARCION PUBLICA | J6: ACTA 2
A7: CONTRATISTA: | C7: DICOIN SAS | J7: ACTA 3
A8: CONTRATO: | C8: ESAP-DT-RIS-MC-04-006-2023
A9: SUPERVISOR: | C9: SANDRA MILENA OCAMPO DELGADO
A10: APOYO TECNICO A LA SUPERVISION | C10: DAVID RUIZ DUQUE
F11: Unidad: | H11: ='Acta final Cantidades '!D29 -> M2 | J11: ESQUEMA
A12: Item | B12: ='Acta final Cantidades '!B29 -> NP-04 | C12: ='Acta final Cantidades '!C29 -> Suministro e instalación de cielo raso en PVC incluye acabado.
A13: FECHA | B13: DETALLE | E13: LARGO | F13: ANCHO | G13: ALTO | H13: CANT. | I13: TOTAL
A14: 45249 | B14: Suministro e instalación cielos rasos en PVC | H14: ='Acta final Cantidades '!K29 -> 198.5 | I14: =+H14 -> 198.5
I15: =+H15+I14 -> 198.5
I16: =+I15+H16 -> 198.5
I17: =+I16+H17 -> 198.5
I18: =+I17+H18 -> 198.5
I19: =+I18+H19 -> 198.5
I20: =+I19+H20 -> 198.5
I21: =+I20+H21 -> 198.5
I22: =+I21+H22 -> 198.5
I23: =+I22+H23 -> 198.5
I24: =+I23+H24 -> 198.5
I25: =+I24+H25 -> 198.5
I26: =+I25+H26 -> 198.5
I27: =+I26+H27 -> 198.5
A28: Total acumulado hoja | I28: =+I27+H28 -> 198.5
A29: Cantidad Total | I29: =+I28+H29 -> 198.5
A30: OBSERVACIONES ______________________________________________________________________________________________________
A31: Certificamos que estos trabajos han sido revisados por nosotros y se encuentran a conformidad.
A32: Elaboró | B32: FRANCISCO JAVIER LONDOÑO FERNANDEZ | F32: Revisó | H32: DAVID RUIZ DUQUE
A33: Cargo | B33: Director de obra | F33: Cargo | H33: Apoyo tecnico a la supervision
A34: Firma | F34: Firma

Sheet VIGAS F
C1: SISTEMA DE GESTIÓN DE LA CALIDAD
C2: MEMORIA MEDICIÓN DE CANTIDADES DE OBRA
A4: OBJETO: | C4: CONSTRUCCIÓN DE CASA LOTE 1 QUINTAS DE SAN ANTONIO-SANTAGUEDA | J4: RESUMEN DE PAGOS
J5: ACTA 1 | M5: ACTA 4
A6: CONTRATANTE: | C6: CARLOS MARULANDA | J6: ACTA 2 | K6: =+I24 -> 6.4467 | M6: ACTA 5
A7: CONTRATISTA: | C7: OCTAVIO GALLEGO | J7: ACTA 3 | M7: ACTA 6
F8: Unidad: M3 | J8: ESQUEMA
A9: Item :SUMINISTRO, TRANSPORTE E INSTALACION VIGA CIMENTACION CONCRETO 3000 PSI
A10: FECHA | B10: DETALLE | E10: LARGO | F10: ANCHO | G10: ALTO | H10: CANT. | I10: TOTAL
A11: 44603 | B11: VFA-00 | E11: 6.04 | F11: 0.3 | G11: 0.3 | H11: 1 | I11: =+E11*F11*G11*H11 -> 0.5436
A12: 44603 | B12: VFB-00 | E12: 6.04 | F12: 0.3 | G12: 0.3 | H12: 1 | I12: =+E12*F12*G12*H12 -> 0.5436
A13: 44603 | B13: VF-F00 | E13: 7 | F13: 0.3 | G13: 0.3 | H13: 1 | I13: =+E13*F13*G13*H13 -> 0.63
A14: 44603 | B14: VF-G00 | E14: 1.81 | F14: 0.3 | G14: 0.3 | H14: 1 | I14: =+E14*F14*G14*H14 -> 0.1629
A15: 44603 | B15: VF-H00 | E15: 8.41 | F15: 0.3 | G15: 0.3 | H15: 1 | I15: =+E15*F15*G15*H15 -> 0.7569
A16: 44603 | B16: VF-1100 | E16: 5.71 | F16: 0.3 | G16: 0.3 | H16: 1 | I16: =+E16*F16*G16*H16 -> 0.5139
A17: 44603 | B17: VF-1000 | E17: =3.26+5.06+1.45 -> 9.77 | F17: 0.3 | G17: 0.3 | H17: 1 | I17: =+E17*F17*G17*H17 -> 0.8793
A18: 44603 | B18: VF-800 | E18: =3.26+5.06+1.45+5.91 -> 15.68 | F18: 0.3 | G18: 0.3 | H18: 1 | I18: =+E18*F18*G18*H18 -> 1.4112
A19: 44603 | B19: VF-700 | E19: =3.2+2.38 -> 5.58 | F19: 0.3 | G19: 0.3 | H19: 1 | I19: =+E19*F19*G19*H19 -> 0.5022
A20: 44603 | B20: VF-600 | E20: 3.26 | F20: 0.3 | G20: 0.3 | H20: 1 | I20: =+E20*F20*G20*H20 -> 0.2934
A21: 44603 | B21: VF-500 | E21: 2.33 | F21: 0.3 | G21: 0.3 | H21: 1 | I21: =+E21*F21*G21*H21 -> 0.2097
A23: Total acumulado hoja
A24: Cantidad Total | I24: =+SUM(I11:I21) -> 6.4467
A25: OBSERVACIONES ______________________________________________________________________________________________________
A28: Certificamos que estos trabajos han sido revisados por nosotros y se encuentran a conformidad.
A29: Elaboró | B29: Luisa Fda Marulanda S. | D29: Revisó | E29: Carlos Marulanda | H29: Vo.Bo. Contratista
A30: Cargo | B30: Residente de Obra | D30: Cargo | E30: Contratante | H30: Nombre: Octavio Gallego
A31: Firma | D31: Firma | H31: Firma:

Sheet COLUMNA
C1: SISTEMA DE GESTIÓN DE LA CALIDAD
C2: MEMORIA MEDICIÓN DE CANTIDADES DE OBRA
A4: OBJETO: | C4: CONSTRUCCIÓN DE CASA LOTE 1 QUINTAS DE SAN ANTONIO-SANTAGUEDA | J4: RESUMEN DE PAGOS
J5: ACTA 1 | K5: 2.016 | M5: ACTA 4
A6: CONTRATANTE: | C6: CARLOS MARULANDA | J6: ACTA 2 | K6: 1.152 | M6: ACTA 5
A7: CONTRATISTA: | C7: OCTAVIO GALLEGO | J7: ACTA 3 | K7: 3.888 | M7: ACTA 6 | N7: =+I20 -> 0.672
F8: Unidad: M3 | J8: ESQUEMA
A9: Item :SUMINISTRO, TRANSPORTE E INSTALACION COLUMNAS CONCRETO 3000 PSI
A10: FECHA | B10: DETALLE | E10: LARGO | F10: ANCHO | G10: ALTO | H10: CANT. | I10: TOTAL
A11: 44687 | B11: COLUMNAS CUCHILLAS | E11: 0.3 | F11: 0.3 | G11: 0.3 | H11: 16 | I11: =+E11*F11*G11*H11 -> 0.432
A12: 44687 | B12: COLUMNAS CUCHILLAS | E12: 0.8 | F12: 0.3 | G12: 0.3 | H12: 2 | I12: =+E12*F12*G12*H12 -> 0.144
A13: 44687 | B13: COLUMNAS CUCHILLAS | E13: 1 | F13: 0.12 | G13: 0.2 | H13: 4 | I13: =+E13*F13*G13*H13 -> 0.096
I14: =+E14*F14*G14*H14 -> 0
A19: Total acumulado hoja
A20: Cantidad Total | I20: =+I11+I12+I13+I14+I15+I16 -> 0.672
A21: OBSERVACIONES ______________________________________________________________________________________________________
A24: Certificamos que estos trabajos han sido revisados por nosotros y se encuentran a conformidad.
A25: Elaboró | B25: Luisa Fda Marulanda S. | D25: Revisó | E25: Carlos Marulanda | H25: Vo.Bo. Contratista
A26: Cargo | B26: Residente de Obra | D26: Cargo | E26: Contratante | H26: Nombre: Octavio Gallego
A27: Firma | D27: Firma | H27: Firma:

Sheet COLUM
C1: SISTEMA DE GESTIÓN DE LA CALIDAD
C2: MEMORIA MEDICIÓN DE CANTIDADES DE OBRA
A4: OBJETO: | C4: CONSTRUCCIÓN DE CASA LOTE 1 QUINTAS DE SAN ANTONIO-SANTAGUEDA | J4: RESUMEN DE PAGOS
J5: ACTA 1 | K5: 2.016 | M5: ACTA 4
A6: CONTRATANTE: | C6: CARLOS MARULANDA | J6: ACTA 2 | K6: =+I20 -> 1.152 | M6: ACTA 5
A7: CONTRATISTA: | C7: OCTAVIO GALLEGO | J7: ACTA 3 | M7: ACTA 6
F8: Unidad: M3 | J8: ESQUEMA
A9: Item :SUMINISTRO, TRANSPORTE E INSTALACION COLUMNAS CONCRETO 3000 PSI
A10: FECHA | B10: DETALLE | E10: LARGO | F10: ANCHO | G10: ALTO | H10: CANT. | I10: TOTAL
A11: 44603 | B11: PEDESTALES 1-18 EXTRA | E11: 0.4 | F11: 0.4 | G11: 0.4 | H11: 18 | I11: =+E11*F11*G11*H11 -> 1.152
A19: Total acumulado hoja
A20: Cantidad Total | I20: =+I11+I12+I13+I14+I15+I16 -> 1.152
A21: OBSERVACIONES ______________________________________________________________________________________________________
A24: Certificamos que estos trabajos han sido revisados por nosotros y se encuentran a conformidad.
A25: Elaboró | B25: Luisa Fda Marulanda S. | D25: Revisó | E25: Carlos Marulanda | H25: Vo.Bo. Contratista
A26: Cargo | B26: Residente de Obra | D26: Cargo | E26: Contratante | H26: Nombre: Octavio Gallego
A27: Firma | D27: Firma | H27: Firma:

Sheet TUBERIA 2S
C1: SISTEMA DE GESTIÓN DE LA CALIDAD
C2: MEMORIA MEDICIÓN DE CANTIDADES DE OBRA
A4: OBJETO: | C4: CONSTRUCCIÓN DE CASA LOTE 1 QUINTAS DE SAN ANTONIO-SANTAGUEDA | J4: RESUMEN DE PAGOS
J5: ACTA 1 | M5: ACTA 4
A6: CONTRATANTE: | C6: CARLOS MARULANDA | J6: ACTA 2 | K6: =+I20 -> 12 | M6: ACTA 5
A7: CONTRATISTA: | C7: OCTAVIO GALLEGO | J7: ACTA 3 | M7: ACTA 6
F8: Unidad: ML | J8: ESQUEMA
A9: Item :SUMINISTRO, TRANSPORTE E INSTALACION TUBERIA PVC-S 2" (RED SANITARIA, INCLUYE ACCESORIOS)
A10: FECHA | B10: DETALLE | E10: LARGO | F10: ANCHO | G10: ALTO | H10: CANT. | I10: TOTAL
A11: 44603 | B11: TUBERIA SANITARIA | E11: 6 | H11: 2 | I11: =+E11*H11 -> 12
A19: Total acumulado hoja
A20: Cantidad Total | I20: =+I11+I12+I13+I14+I15+I16 -> 12
A21: OBSERVACIONES ______________________________________________________________________________________________________
A24: Certificamos que estos trabajos han sido revisados por nosotros y se encuentran a conformidad.
A25: Elaboró | B25: Luisa Fda Marulanda S. | D25: Revisó | E25: Carlos Marulanda | H25: Vo.Bo. Contratista
A26: Cargo | B26: Residente de Obra | D26: Cargo | E26: Contratante | H26: Nombre: Octavio Gallego
A27: Firma | D27: Firma | H27: Firma:

Sheet VIGAS AEREAS
C1: SISTEMA DE GESTIÓN DE LA CALIDAD
C2: MEMORIA MEDICIÓN DE CANTIDADES DE OBRA
A4: OBJETO: | C4: CONSTRUCCIÓN DE CASA LOTE 1 QUINTAS DE SAN ANTONIO-SANTAGUEDA | J4: RESUMEN DE PAGOS
J5: ACTA 1 | M5: ACTA 4 | N5: =+I28 -> 10.1415
A6: CONTRATANTE: | C6: CARLOS MARULANDA | J6: ACTA 2 | M6: ACTA 5
A7: CONTRATISTA: | C7: OCTAVIO GALLEGO | J7: ACTA 3 | M7: ACTA 6
F8: Unidad: M3 | J8: ESQUEMA
A9: Item :SUMINISTRO, TRANSPORTE E INSTALACION VIGA AEREA CONCRETO 3000 PSI
A10: FECHA | B10: DETALLE | E10: LARGO | F10: ANCHO | G10: ALTO | H10: CANT. | I10: TOTAL
A11: 44638 | B11: V-A10 | E11: 6.04 | F11: 0.3 | G11: 0.4 | H11: 1 | I11: =+E11*F11*G11*H11 -> 0.7248
A12: 44638 | B12: V-B10 | E12: 6.04 | F12: 0.3 | G12: 0.3 | H12: 1 | I12: =+E12*F12*G12*H12 -> 0.5436
A13: 44638 | B13: V-F10 | E13: 7 | F13: 0.3 | G13: 0.4 | H13: 1 | I13: =+E13*F13*G13*H13 -> 0.84
A14: 44638 | B14: V-G10 | E14: 1.81 | F14: 0.3 | G14: 0.3 | H14: 1 | I14: =+E14*F14*G14*H14 -> 0.1629
A15: 44638 | B15: V-H10 | E15: 8.41 | F15: 0.3 | G15: 0.4 | H15: 1 | I15: =+E15*F15*G15*H15 -> 1.0092
A16: 44638 | B16: V-1110 | E16: 5.71 | F16: 0.3 | G16: 0.3 | H16: 1 | I16: =+E16*F16*G16*H16 -> 0.5139
A17: 44638 | B17: V-1010 | E17: =3.26+5.06+1.45 -> 9.77 | F17: 0.3 | G17: 0.4 | H17: 1 | I17: =+E17*F17*G17*H17 -> 1.1724
A18: 44638 | B18: V-810 | E18: =3.26+5.06+1.45+5.91 -> 15.68 | F18: 0.3 | G18: 0.4 | H18: 1 | I18: =+E18*F18*G18*H18 -> 1.8816
A19: 44638 | B19: V-710 | E19: =3.2+2.38 -> 5.58 | F19: 0.3 | G19: 0.3 | H19: 1 | I19: =+E19*F19*G19*H19 -> 0.5022
A20: 44638 | B20: V-610 | E20: 3.26 | F20: 0.3 | G20: 0.3 | H20: 1 | I20: =+E20*F20*G20*H20 -> 0.2934
A21: 44638 | B21: V-510 | E21: 2.33 | F21: 0.3 | G21: 0.3 | H21: 1 | I21: =+E21*F21*G21*H21 -> 0.2097
A22: 44638 | B22: =+'ACERO 420 MPA'!#REF! -> #REF! | E22: 3.7 | F22: 0.3 | G22: 0.3 | H22: 5 | I22: =+E22*F22*G22*H22 -> 1.665
A23: 44638 | B23: =+'ACERO 420 MPA'!#REF! -> #REF! | E23: 2.12 | F23: 0.3 | G23: 0.3 | H23: 1 | I23: =+E23*F23*G23*H23 -> 0.1908
A24: 44638 | B24: =+'ACERO 420 MPA'!#REF! -> #REF! | E24: 2.95 | F24: 0.3 | G24: 0.3 | H24: 1 | I24: =+E24*F24*G24*H24 -> 0.2655
A25: 44638 | B25: =+'ACERO 420 MPA'!#REF! -> #REF! | E25: 1.85 | F25: 0.3 | G25: 0.3 | H25: 1 | I25: =+E25*F25*G25*H25 -> 0.1665
A27: Total acumulado hoja
A28: Cantidad Total | I28: =+SUM(I11:I26) -> 10.1415
A29: OBSERVACIONES ______________________________________________________________________________________________________
A32: Certificamos que estos trabajos han sido revisados por nosotros y se encuentran a conformidad.
A33: Elaboró | B33: Luisa Fda Marulanda S. | D33: Revisó | E33: Carlos Marulanda | H33: Vo.Bo. Contratista
A34: Cargo | B34: Residente de Obra | D34: Cargo | E34: Contratante | H34: Nombre: Octavio Gallego
A35: Firma | D35: Firma | H35: Firma:

Sheet TUBERIA 3S
C1: SISTEMA DE GESTIÓN DE LA CALIDAD
C2: MEMORIA MEDICIÓN DE CANTIDADES DE OBRA
A4: OBJETO: | C4: CONSTRUCCIÓN DE CASA LOTE 1 QUINTAS DE SAN ANTONIO-SANTAGUEDA | J4: RESUMEN DE PAGOS
J5: ACTA 1 | M5: ACTA 4 | N5: =+I20 -> 18
A6: CONTRATANTE: | C6: CARLOS MARULANDA | J6: ACTA 2 | K6: 42 | M6: ACTA 5
A7: CONTRATISTA: | C7: OCTAVIO GALLEGO | J7: ACTA 3 | M7: ACTA 6
F8: Unidad: ML | J8: ESQUEMA
A9: Item :SUMINISTRO, TRANSPORTE E INSTALACION TUBERIA PVC-S 3" (RED SANITARIA, INCLUYE ACCESORIOS)
A10: FECHA | B10: DETALLE | E10: LARGO | F10: ANCHO | G10: ALTO | H10: CANT. | I10: TOTAL
A11: 44638 | B11: TUBERIA SANITARIA PARA LLEGADA POZO SEPTICO | E11: 6 | H11: 3 | I11: =+E11*H11 -> 18
A19: Total acumulado hoja
A20: Cantidad Total | I20: =+I11+I12+I13+I14+I15+I16 -> 18
A21: OBSERVACIONES ______________________________________________________________________________________________________
A24: Certificamos que estos trabajos han sido revisados por nosotros y se encuentran a conformidad.
A25: Elaboró | B25: Luisa Fda Marulanda S. | D25: Revisó | E25: Carlos Marulanda | H25: Vo.Bo. Contratista
A26: Cargo | B26: Residente de Obra | D26: Cargo | E26: Contratante | H26: Nombre: Octavio Gallego
A27: Firma | D27: Firma | H27: Firma:

Sheet TUBERIA 4S
C1: SISTEMA DE GESTIÓN DE LA CALIDAD
C2: MEMORIA MEDICIÓN DE CANTIDADES DE OBRA
A4: OBJETO: | C4: CONSTRUCCIÓN DE CASA LOTE 1 QUINTAS DE SAN ANTONIO-SANTAGUEDA | J4: RESUMEN DE PAGOS
J5: ACTA 1 | M5: ACTA 4 | N5: =+I20 -> 18
A6: CONTRATANTE: | C6: CARLOS MARULANDA | J6: ACTA 2 | K6: 30 | M6: ACTA 5
A7: CONTRATISTA: | C7: OCTAVIO GALLEGO | J7: ACTA 3 | M7: ACTA 6
F8: Unidad: ML | J8: ESQUEMA
A9: Item :SUMINISTRO, TRANSPORTE E INSTALACION TUBERIA PVC-S 4" (RED SANITARIA, INCLUYE ACCESORIOS)
A10: FECHA | B10: DETALLE | E10: LARGO | F10: ANCHO | G10: ALTO | H10: CANT. | I10: TOTAL
A11: 44638 | B11: TUBERIA SANITARIA PARA LLEGADA POZO SEPTICO | E11: 6 | H11: 3 | I11: =+E11*H11 -> 18
A19: Total acumulado hoja
A20: Cantidad Total | I20: =+I11+I12+I13+I14+I15+I16 -> 18
A21: OBSERVACIONES ______________________________________________________________________________________________________
A24: Certificamos que estos trabajos han sido revisados por nosotros y se encuentran a conformidad.
A25: Elaboró | B25: Luisa Fda Marulanda S. | D25: Revisó | E25: Carlos Marulanda | H25: Vo.Bo. Contratista
A26: Cargo | B26: Residente de Obra | D26: Cargo | E26: Contratante | H26: Nombre: Octavio Gallego
A27: Firma | D27: Firma | H27: Firma:

Sheet PUNTO 3"
C1: SISTEMA DE GESTIÓN DE LA CALIDAD
C2: MEMORIA MEDICIÓN DE CANTIDADES DE OBRA
A4: OBJETO: | C4: CONSTRUCCIÓN DE CASA LOTE 1 QUINTAS DE SAN ANTONIO-SANTAGUEDA | J4: RESUMEN DE PAGOS
J5: ACTA 1 | M5: ACTA 4
A6: CONTRATANTE: | C6: CARLOS MARULANDA | J6: ACTA 2 | K6: =+I20 -> 15 | M6: ACTA 5
A7: CONTRATISTA: | C7: OCTAVIO GALLEGO | J7: ACTA 3 | M7: ACTA 6
F8: Unidad: UN | J8: ESQUEMA
A9: Item :SUMINISTRO, TRANSPORTE E INSTALACION PUNTO DESAGUE PVC 3" Aparatos sanitarios y desagues (INCLUYE CODO, YEE Y ACCESORIOS)
A10: FECHA | B10: DETALLE | E10: LARGO | F10: ANCHO | G10: ALTO | H10: CANT. | I10: TOTAL
A11: 44603 | B11: LAVAMANOS | H11: 3 | I11: =+H11 -> 3
A12: 44603 | B12: LAVADEROS | H12: 2 | I12: =+H12 -> 2
A13: 44603 | B13: LAVADORA | H13: 1 | I13: =+H13 -> 1
A14: 44603 | B14: LAVAPLATOS | H14: 1 | I14: =+H14 -> 1
A15: 44603 | B15: DUCHAS | H15: 2 | I15: =+H15 -> 2
B16: SIFONES DE PISO | H16: 6 | I16: =+H16 -> 6
A19: Total acumulado hoja
A20: Cantidad Total | I20: =+I11+I12+I13+I14+I15+I16 -> 15
A21: OBSERVACIONES ______________________________________________________________________________________________________
A24: Certificamos que estos trabajos han sido revisados por nosotros y se encuentran a conformidad.
A25: Elaboró | B25: Luisa Fda Marulanda S. | D25: Revisó | E25: Carlos Marulanda | H25: Vo.Bo. Contratista
A26: Cargo | B26: Residente de Obra | D26: Cargo | E26: Contratante | H26: Nombre: Octavio Gallego
A27: Firma | D27: Firma | H27: Firma:

Sheet PUNTO 4"
C1: SISTEMA DE GESTIÓN DE LA CALIDAD
C2: MEMORIA MEDICIÓN DE CANTIDADES DE OBRA
A4: OBJETO: | C4: CONSTRUCCIÓN DE CASA LOTE 1 QUINTAS DE SAN ANTONIO-SANTAGUEDA | J4: RESUMEN DE PAGOS
J5: ACTA 1 | M5: ACTA 4
A6: CONTRATANTE: | C6: CARLOS MARULANDA | J6: ACTA 2 | K6: =+I20 -> 3 | M6: ACTA 5
A7: CONTRATISTA: | C7: OCTAVIO GALLEGO | J7: ACTA 3 | M7: ACTA 6
F8: Unidad: UN | J8: ESQUEMA
A9: Item :SUMINISTRO, TRANSPORTE E INSTALACION PUNTO DESAGUE PVC 4" Aparatos sanitarios (INCLUYE CODO, YEE Y ACCESORIOS)
A10: FECHA | B10: DETALLE | E10: LARGO | F10: ANCHO | G10: ALTO | H10: CANT. | I10: TOTAL
A11: 44603 | B11: SANITARIOS | H11: 3 | I11: =+H11 -> 3
A19: Total acumulado hoja
A20: Cantidad Total | I20: =+I11+I12+I13+I14+I15+I16 -> 3
A21: OBSERVACIONES ______________________________________________________________________________________________________
A24: Certificamos que estos trabajos han sido revisados por nosotros y se encuentran a conformidad.
A25: Elaboró | B25: Luisa Fda Marulanda S. | D25: Revisó | E25: Carlos Marulanda | H25: Vo.Bo. Contratista
A26: Cargo | B26: Residente de Obra | D26: Cargo | E26: Contratante | H26: Nombre: Octavio Gallego
A27: Firma | D27: Firma | H27: Firma:

Sheet PUNTO 1.2 P
C1: SISTEMA DE GESTIÓN DE LA CALIDAD
C2: MEMORIA MEDICIÓN DE CANTIDADES DE OBRA
A4: OBJETO: | C4: CONSTRUCCIÓN DE CASA LOTE 1 QUINTAS DE SAN ANTONIO-SANTAGUEDA | J4: RESUMEN DE PAGOS
J5: ACTA 1 | M5: ACTA 4
A6: CONTRATANTE: | C6: CARLOS MARULANDA | J6: ACTA 2 | K6: =+I20 -> 12 | M6: ACTA 5
A7: CONTRATISTA: | C7: OCTAVIO GALLEGO | J7: ACTA 3 | M7: ACTA 6
F8: Unidad: UN | J8: ESQUEMA
A9: Item :SUMINISTRO, TRANSPORTE E INSTALACION PUNTO AGUA FRIA 1/2" PVC -P ( Incluye accesorios de instalación ) HASTA 1.5 MTS
A10: FECHA | B10: DETALLE | E10: LARGO | F10: ANCHO | G10: ALTO | H10: CANT. | I10: TOTAL
A11: 44603 | B11: SANITARIOS | H11: 3 | I11: =+H11 -> 3
A12: 44603 | B12: LAVAMANOS | H12: 3 | I12: =+H12 -> 3
A13: 44603 | B13: LAVADEROS | H13: 2 | I13: =+H13 -> 2
A14: 44603 | B14: LAVADORA | H14: 1 | I14: =+H14 -> 1
A15: 44603 | B15: LAVAPLATOS | H15: 1 | I15: =+H15 -> 1
A16: 44603 | B16: DUCHAS | H16: 2 | I16: =+H16 -> 2
A19: Total acumulado hoja
A20: Cantidad Total | I20: =+I11+I12+I13+I14+I15+I16 -> 12
A21: OBSERVACIONES ______________________________________________________________________________________________________
A24: Certificamos que estos trabajos han sido revisados por nosotros y se encuentran a conformidad.
A25: Elaboró | B25: Luisa Fda Marulanda S. | D25: Revisó | E25: Carlos Marulanda | H25: Vo.Bo. Contratista
A26: Cargo | B26: Residente de Obra | D26: Cargo | E26: Contratante | H26: Nombre: Octavio Gallego
A27: Firma | D27: Firma | H27: Firma:

Sheet TUBERIA 1"
C1: SISTEMA DE GESTIÓN DE LA CALIDAD
C2: MEMORIA MEDICIÓN DE CANTIDADES DE OBRA
A4: OBJETO: | C4: CONSTRUCCIÓN DE CASA LOTE 1 QUINTAS DE SAN ANTONIO-SANTAGUEDA | J4: RESUMEN DE PAGOS
J5: ACTA 1 | M5: ACTA 4
A6: CONTRATANTE: | C6: CARLOS MARULANDA | J6: ACTA 2 | K6: 24 | M6: ACTA 5 | N6: =+I20 -> 6
A7: CONTRATISTA: | C7: OCTAVIO GALLEGO | J7: ACTA 3 | M7: ACTA 6
F8: Unidad: ML | J8: ESQUEMA
A9: Item :SUMINISTRO, TRANSPORTE E INSTALACION TUBERIA PVC-P RDE 21 1" Agua Fria (Red de suministro) Incluye accesorios
A10: FECHA | B10: DETALLE | E10: LARGO | F10: ANCHO | G10: ALTO | H10: CANT. | I10: TOTAL
A11: 44659 | B11: ACOMETIDA | E11: 3 | H11: 2 | I11: =+H11*E11 -> 6
A19: Total acumulado hoja
A20: Cantidad Total | I20: =+I11+I12+I13+I14+I15+I16 -> 6
A21: OBSERVACIONES ______________________________________________________________________________________________________
A24: Certificamos que estos trabajos han sido revisados por nosotros y se encuentran a conformidad.
A25: Elaboró | B25: Luisa Fda Marulanda S. | D25: Revisó | E25: Carlos Marulanda | H25: Vo.Bo. Contratista
A26: Cargo | B26: Residente de Obra | D26: Cargo | E26: Contratante | H26: Nombre: Octavio Gallego
A27: Firma | D27: Firma | H27: Firma:

Sheet PUNTO 1.2CPVC
C1: SISTEMA DE GESTIÓN DE LA CALIDAD
C2: MEMORIA MEDICIÓN DE CANTIDADES DE OBRA
A4: OBJETO: | C4: CONSTRUCCIÓN DE CASA LOTE 1 QUINTAS DE SAN ANTONIO-SANTAGUEDA | J4: RESUMEN DE PAGOS
J5: ACTA 1 | M5: ACTA 4
A6: CONTRATANTE: | C6: CARLOS MARULANDA | J6: ACTA 2 | M6: ACTA 5
A7: CONTRATISTA: | C7: OCTAVIO GALLEGO | J7: ACTA 3 | K7: =+I20 -> 4 | M7: ACTA 6
F8: Unidad: UN | J8: ESQUEMA
A9: Item :SUMINISTRO, TRANSPORTE E INSTALACION PUNTO AGUA CALIENTE 1/2" CPVC-P ( Incluye accesorios de instalación )
A10: FECHA | B10: DETALLE | E10: LARGO | F10: ANCHO | G10: ALTO | H10: CANT. | I10: TOTAL
A11: 44617 | B11: DUCHAS | H11: 2 | I11: =+H11 -> 2
A12: 44617 | B12: LAVAPLATOS | H12: 1 | I12: =+H12 -> 1
A13: 44617 | B13: CALENTADOR | H13: 1 | I13: =+H13 -> 1
A19: Total acumulado hoja
A20: Cantidad Total | I20: =+I11+I12+I13+I14+I15+I16 -> 4
A21: OBSERVACIONES ______________________________________________________________________________________________________
A24: Certificamos que estos trabajos han sido revisados por nosotros y se encuentran a conformidad.
A25: Elaboró | B25: Luisa Fda Marulanda S. | D25: Revisó | E25: Carlos Marulanda | H25: Vo.Bo. Contratista
A26: Cargo | B26: Residente de Obra | D26: Cargo | E26: Contratante | H26: Nombre: Octavio Gallego
A27: Firma | D27: Firma | H27: Firma:

Sheet TUBERIA 1.2CPVC
C1: SISTEMA DE GESTIÓN DE LA CALIDAD
C2: MEMORIA MEDICIÓN DE CANTIDADES DE OBRA
A4: OBJETO: | C4: CONSTRUCCIÓN DE CASA LOTE 1 QUINTAS DE SAN ANTONIO-SANTAGUEDA | J4: RESUMEN DE PAGOS
J5: ACTA 1 | M5: ACTA 4
A6: CONTRATANTE: | C6: CARLOS MARULANDA | J6: ACTA 2 | M6: ACTA 5
A7: CONTRATISTA: | C7: OCTAVIO GALLEGO | J7: ACTA 3 | K7: =+I20 -> 33 | M7: ACTA 6
F8: Unidad: ML | J8: ESQUEMA
A9: Item :SUMINISTRO, TRANSPORTE E INSTALACION TUBERIA CPVC 1/2" Agua Caliente (Red de suministro) Incluye accesorios.
A10: FECHA | B10: DETALLE | E10: LARGO | F10: ANCHO | G10: ALTO | H10: CANT. | I10: TOTAL
A11: 44617 | B11: DISTRIBUCIÓN CASA | E11: 3 | H11: 11 | I11: =+H11*E11 -> 33
A19: Total acumulado hoja
A20: Cantidad Total | I20: =+I11+I12+I13+I14+I15+I16 -> 33
A21: OBSERVACIONES ______________________________________________________________________________________________________
A24: Certificamos que estos trabajos han sido revisados por nosotros y se encuentran a conformidad.
A25: Elaboró | B25: Luisa Fda Marulanda S. | D25: Revisó | E25: Carlos Marulanda | H25: Vo.Bo. Contratista
A26: Cargo | B26: Residente de Obra | D26: Cargo | E26: Contratante | H26: Nombre: Octavio Gallego
A27: Firma | D27: Firma | H27: Firma:

Sheet CAJA
C1: SISTEMA DE GESTIÓN DE LA CALIDAD
C2: MEMORIA MEDICIÓN DE CANTIDADES DE OBRA
A4: OBJETO: | C4: CONSTRUCCIÓN DE CASA LOTE 1 QUINTAS DE SAN ANTONIO-SANTAGUEDA | J4: RESUMEN DE PAGOS
J5: ACTA 1 | M5: ACTA 4
A6: CONTRATANTE: | C6: CARLOS MARULANDA | J6: ACTA 2 | M6: ACTA 5 | N6: =+I20 -> 1
A7: CONTRATISTA: | C7: OCTAVIO GALLEGO | J7: ACTA 3 | M7: ACTA 6
F8: Unidad: UN | J8: ESQUEMA
A9: Item :SUMINISTRO, TRANSPORTE E INSTALACION CAJA DE INSPECCIÓN TIPO II (1X1X1.50 M) EN CONCRETO CLASE II , incluye tapa, marco en angulo y malla
A10: FECHA | B10: DETALLE | E10: LARGO | F10: ANCHO | G10: ALTO | H10: CANT. | I10: TOTAL
A11: 44659 | B11: CAJA CON DESARENADOR | E11: 1 | F11: 1 | G11: 1 | H11: 1 | I11: =+E11*H11*F11*G11 -> 1
P12: diametro: 8.9 cm
P15: 0.089
P16: =+P15/2 -> 0.0445
A19: Total acumulado hoja
A20: Cantidad Total | I20: =+I11+I12+I13+I14+I15+I16 -> 1
A21: OBSERVACIONES ______________________________________________________________________________________________________
A24: Certificamos que estos trabajos han sido revisados por nosotros y se encuentran a conformidad.
A25: Elaboró | B25: Luisa Fda Marulanda S. | D25: Revisó | E25: Carlos Marulanda | H25: Vo.Bo. Contratista
A26: Cargo | B26: Residente de Obra | D26: Cargo | E26: Contratante | H26: Nombre: Octavio Gallego
A27: Firma | D27: Firma | H27: Firma:

Sheet RELLENO
C1: SISTEMA DE GESTIÓN DE LA CALIDAD
C2: MEMORIA MEDICIÓN DE CANTIDADES DE OBRA
A4: OBJETO: | C4: CONSTRUCCIÓN DE CASA LOTE 1 QUINTAS DE SAN ANTONIO-SANTAGUEDA | J4: RESUMEN DE PAGOS
J5: ACTA 1 | M5: ACTA 4 | N5: 9.6006
A6: CONTRATANTE: | C6: CARLOS MARULANDA | J6: ACTA 2 | K6: 12.3396 | M6: ACTA 5
A7: CONTRATISTA: | C7: OCTAVIO GALLEGO | J7: ACTA 3 | M7: ACTA 6 | N7: 68.8
J8: ACTA 7 | K8: =+I21 -> 35 | M8: ACTA 8
F9: Unidad: M3 | J9: ESQUEMA
A10: Item :RELLENO COMPACTADO CON MATERIAL DE OBRA
A11: FECHA | B11: DETALLE | E11: LARGO | F11: ANCHO | G11: ALTO | H11: CANT. | I11: TOTAL
A12: 44708 | B12: TERRAZA PARTE LATERAL Y TRASERA | E12: =7*5 -> 35 | F12: 1 | G12: 1 | H12: 1 | I12: =+E12*H12*F12*G12 -> 35
A13: 44708 | B13: COMPRA DE VIAJES (170.000 POR VOLQUETA, SE VEN REFLEJADOS EN EL ACTA) | P13: diametro: 8.9 cm
P16: 0.089
P17: =+P16/2 -> 0.0445
A20: Total acumulado hoja
A21: Cantidad Total | I21: =+I12+I13+I14+I15+I16+I17 -> 35
A22: OBSERVACIONES ______________________________________________________________________________________________________
A25: Certificamos que estos trabajos han sido revisados por nosotros y se encuentran a conformidad.
A26: Elaboró | B26: Luisa Fda Marulanda S. | D26: Revisó | E26: Carlos Marulanda | H26: Vo.Bo. Contratista
A27: Cargo | B27: Residente de Obra | D27: Cargo | E27: Contratante | H27: Nombre: Octavio Gallego
A28: Firma | D28: Firma | H28: Firma:

Sheet VIGA CINTA
C1: SISTEMA DE GESTIÓN DE LA CALIDAD
C2: MEMORIA MEDICIÓN DE CANTIDADES DE OBRA
A4: OBJETO: | C4: CONSTRUCCIÓN DE CASA LOTE 1 QUINTAS DE SAN ANTONIO-SANTAGUEDA | J4: RESUMEN DE PAGOS
J5: ACTA 1 | M5: ACTA 4
A6: CONTRATANTE: | C6: CARLOS MARULANDA | J6: ACTA 2 | M6: ACTA 5
A7: CONTRATISTA: | C7: OCTAVIO GALLEGO | J7: ACTA 3 | M7: ACTA 6 | N7: =+I27 -> 91.93
F8: Unidad: ML | J8: ESQUEMA
A9: Item :SUMINISTRO, TRANSPORTE E INSTALACION VIGA CINTA CONCRETO 3000 PSI (incluye refuerzo)
A10: FECHA | B10: DETALLE | E10: LARGO | F10: ANCHO | G10: ALTO | H10: CANT. | I10: TOTAL
A11: 44687 | B11: VIGA 1-2 | E11: 11.3 | F11: 1 | G11: 1 | H11: 2 | I11: =+E11*F11*G11*H11 -> 22.6
A12: 44687 | B12: VIGA 3 | E12: 4 | F12: 1 | G12: 1 | H12: 1 | I12: =+E12*F12*G12*H12 -> 4
A13: 44687 | B13: VIGA 4 Y 5 | E13: 2.27 | F13: 1 | G13: 1 | H13: 2 | I13: =+E13*F13*G13*H13 -> 4.54
A14: 44687 | B14: VIGA 6 | E14: 3.5 | F14: 1 | G14: 1 | H14: 1 | I14: =+E14*F14*G14*H14 -> 3.5
A15: 44687 | B15: VIGA 7,8,9,10 | E15: 3.56 | F15: 1 | G15: 1 | H15: 4 | I15: =+E15*F15*G15*H15 -> 14.24
A16: 44687 | B16: VIGA 11 | E16: 2.1 | F16: 1 | G16: 1 | H16: 1 | I16: =+E16*F16*G16*H16 -> 2.1
A17: 44687 | B17: VIGA 12 | E17: 1.7 | F17: 1 | G17: 1 | H17: 1 | I17: =+E17*F17*G17*H17 -> 1.7
A18: 44687 | B18: VIGA 13 | E18: 1.55 | F18: 1 | G18: 1 | H18: 1 | I18: =+E18*F18*G18*H18 -> 1.55
A19: 44687 | B19: VIGA 14 Y 15 | E19: 6.7 | F19: 1 | G19: 1 | H19: 2 | I19: =+E19*F19*G19*H19 -> 13.4
A20: 44687 | B20: VIGA 16, 17, 18 | E20: 2.9 | F20: 1 | G20: 1 | H20: 3 | I20: =+E20*F20*G20*H20 -> 8.7
A21: 44687 | B21: VIGA 19 | E21: 1.4 | F21: 1 | G21: 1 | H21: 1 | I21: =+E21*F21*G21*H21 -> 1.4
A22: 44687 | B22: VIGA 20 | E22: 3.6 | F22: 1 | G22: 1 | H22: 1 | I22: =+E22*F22*G22*H22 -> 3.6
... A24: 44687 | B24: VIGA 22 | E24: 8.4 | F24: 1 | G24: 1 | H24: 1 | I24: =+E24*F24*G24*H24 -> 8.4
A26: Total acumulado hoja
A27: Cantidad Total | I27: =+SUM(I11:I25) -> 91.93
A28: OBSERVACIONES ______________________________________________________________________________________________________
A31: Certificamos que estos trabajos han sido revisados por nosotros y se encuentran a conformidad.
A32: Elaboró | B32: Luisa Fda Marulanda S. | D32: Revisó | E32: Carlos Marulanda | H32: Vo.Bo. Contratista
A33: Cargo | B33: Residente de Obra | D33: Cargo | E33: Contratante | H33: Nombre: Octavio Gallego
A34: Firma | D34: Firma | H34: Firma:

Sheet CUCHILLA
C1: SISTEMA DE GESTIÓN DE LA CALIDAD
C2: MEMORIA MEDICIÓN DE CANTIDADES DE OBRA
A4: OBJETO: | C4: CONSTRUCCIÓN DE CASA LOTE 1 QUINTAS DE SAN ANTONIO-SANTAGUEDA | J4: RESUMEN DE PAGOS
J5: ACTA 1 | M5: ACTA 4
A6: CONTRATANTE: | C6: CARLOS MARULANDA | J6: ACTA 2 | M6: ACTA 5
A7: CONTRATISTA: | C7: OCTAVIO GALLEGO | J7: ACTA 3 | M7: ACTA 6 | N7: =+I26 -> 91.93
F8: Unidad: ML | J8: ESQUEMA
A9: Item :SUMINISTRO, TRANSPORTE E INSTALACION CUCHILLAS EN MAMPOSTERIA
A10: FECHA | B10: DETALLE | E10: LARGO | F10: ANCHO | G10: ALTO | H10: CANT. | I10: TOTAL
A11: 44687 | B11: CUCHILLAS | E11: 11.3 | F11: 1 | G11: 1 | H11: 2 | I11: =+E11*F11*G11*H11 -> 22.6
A12: 44687 | E12: 4 | F12: 1 | G12: 1 | H12: 1 | I12: =+E12*F12*G12*H12 -> 4
A13: 44687 | E13: 2.27 | F13: 1 | G13: 1 | H13: 2 | I13: =+E13*F13*G13*H13 -> 4.54
A14: 44687 | E14: 3.5 | F14: 1 | G14: 1 | H14: 1 | I14: =+E14*F14*G14*H14 -> 3.5
A15: 44687 | E15: 3.56 | F15: 1 | G15: 1 | H15: 4 | I15: =+E15*F15*G15*H15 -> 14.24
A16: 44687 | E16: 2.1 | F16: 1 | G16: 1 | H16: 1 | I16: =+E16*F16*G16*H16 -> 2.1
A17: 44687 | E17: 1.7 | F17: 1 | G17: 1 | H17: 1 | I17: =+E17*F17*G17*H17 -> 1.7
A18: 44687 | E18: 1.55 | F18: 1 | G18: 1 | H18: 1 | I18: =+E18*F18*G18*H18 -> 1.55
A19: 44687 | E19: 6.7 | F19: 1 | G19: 1 | H19: 2 | I19: =+E19*F19*G19*H19 -> 13.4
A20: 44687 | E20: 2.9 | F20: 1 | G20: 1 | H20: 3 | I20: =+E20*F20*G20*H20 -> 8.7
A21: 44687 | E21: 1.4 | F21: 1 | G21: 1 | H21: 1 | I21: =+E21*F21*G21*H21 -> 1.4
A22: 44687 | E22: 3.6 | F22: 1 | G22: 1 | H22: 1 | I22: =+E22*F22*G22*H22 -> 3.6
A23: 44687 | E23: 2.2 | F23: 1 | G23: 1 | H23: 1 | I23: =+E23*F23*G23*H23 -> 2.2
A24: 44687 | E24: 8.4 | F24: 1 | G24: 1 | H24: 1 | I24: =+E24*F24*G24*H24 -> 8.4
A25: Total acumulado hoja
A26: Cantidad Total | I26: =+SUM(I11:I24) -> 91.93
A27: OBSERVACIONES ______________________________________________________________________________________________________
A30: Certificamos que estos trabajos han sido revisados por nosotros y se encuentran a conformidad.
A31: Elaboró | B31: Luisa Fda Marulanda S. | D31: Revisó | E31: Carlos Marulanda | H31: Vo.Bo. Contratista
A32: Cargo | B32: Residente de Obra | D32: Cargo | E32: Contratante | H32: Nombre: Octavio Gallego
A33: Firma | D33: Firma | H33: Firma:

Sheet AFIRM
C1: SISTEMA DE GESTIÓN DE LA CALIDAD
C2: MEMORIA MEDICIÓN DE CANTIDADES DE OBRA
A4: OBJETO: | C4: CONSTRUCCIÓN DE CASA LOTE 1 QUINTAS DE SAN ANTONIO-SANTAGUEDA | J4: RESUMEN DE PAGOS
J5: ACTA 1 | K5: 12.8433 | M5: ACTA 4
A6: CONTRATANTE: | C6: CARLOS MARULANDA | J6: ACTA 2 | K6: 34.68 | M6: ACTA 5 | N6: 14
A7: CONTRATISTA: | C7: OCTAVIO GALLEGO | J7: ACTA 3 | M7: ACTA 6 | N7: =+I20 -> 39.086
F8: Unidad: M3 | J8: ESQUEMA
A9: Item :SUMINISTRO, TRANSPORTE E INSTALACION AFIRMADO COMPACTADO PARA ESTRUCTURAS
A10: FECHA | B10: DETALLE | E10: LARGO | F10: ANCHO | G10: ALTO | H10: CANT. | I10: TOTAL
A11: 44687 | B11: AFIRMADO PARA PARQUEADERO | E11: 15.1 | F11: 6.3 | G11: 0.2 | H11: 1 | I11: =+E11*F11*G11*H11 -> 19.026
A12: 44687 | B12: AFIRMADO PARA PARQUEADERO | E12: 17 | F12: 5.9 | G12: 0.2 | H12: 1 | I12: =+E12*F12*G12*H12 -> 20.06
A19: Total acumulado hoja
A20: Cantidad Total | I20: =+I11+I12+I13+I14+I15+I16 -> 39.086
A21: OBSERVACIONES ________________________PARA EL LLENO SE TOMAN EL VOLUMEN DE LA EXCAVACIÓN Y SE RESTA EL VOL DE CONCRETO______________________________________________________________________________
A22: Y VOLUMEN DE AFIRMADO EN REPOSICIÓN
A24: Certificamos que estos trabajos han sido revisados por nosotros y se encuentran a conformidad.
A25: Elaboró | B25: Luisa Fda Marulanda S. | D25: Revisó | E25: Carlos Marulanda | H25: Vo.Bo. Contratista
A26: Cargo | B26: Residente de Obra | D26: Cargo | E26: Contratante | H26: Nombre: Octavio Gallego
A27: Firma | D27: Firma | H27: Firma:

Sheet SOLADO
C1: SISTEMA DE GESTIÓN DE LA CALIDAD
C2: MEMORIA MEDICIÓN DE CANTIDADES DE OBRA
A4: OBJETO: | C4: CONSTRUCCIÓN DE CASA LOTE 1 QUINTAS DE SAN ANTONIO-SANTAGUEDA | J4: RESUMEN DE PAGOS
J5: ACTA 1 | K5: 0.576 | M5: ACTA 4
A6: CONTRATANTE: | C6: CARLOS MARULANDA | J6: ACTA 2 | K6: =+I24 -> 1.4326 | M6: ACTA 5
A7: CONTRATISTA: | C7: OCTAVIO GALLEGO | J7: ACTA 3 | M7: ACTA 6
F8: Unidad: M3 | J8: ESQUEMA
A9: Item : SUMINISTRO, TRANSPORTE E INSTALACION SOLADO DE LIMPIEZA 2.000 PSI HECHO EN OBRA
A10: FECHA | B10: DETALLE | E10: LARGO | F10: ANCHO | G10: ALTO | H10: CANT. | I10: TOTAL
A11: 44603 | B11: VFA-00 | E11: 6.04 | F11: 0.4 | G11: 0.05 | H11: 1 | I11: =+E11*F11*G11*H11 -> 0.1208
A12: 44603 | B12: VFB-00 | E12: 6.04 | F12: 0.4 | G12: 0.05 | H12: 1 | I12: =+E12*F12*G12*H12 -> 0.1208
A13: 44603 | B13: VF-F00 | E13: 7 | F13: 0.4 | G13: 0.05 | H13: 1 | I13: =+E13*F13*G13*H13 -> 0.14
A14: 44603 | B14: VF-G00 | E14: 1.81 | F14: 0.4 | G14: 0.05 | H14: 1 | I14: =+E14*F14*G14*H14 -> 0.0362
A15: 44603 | B15: VF-H00 | E15: 8.41 | F15: 0.4 | G15: 0.05 | H15: 1 | I15: =+E15*F15*G15*H15 -> 0.1682
A16: 44603 | B16: VF-1100 | E16: 5.71 | F16: 0.4 | G16: 0.05 | H16: 1 | I16: =+E16*F16*G16*H16 -> 0.1142
A17: 44603 | B17: VF-1000 | E17: =3.26+5.06+1.45 -> 9.77 | F17: 0.4 | G17: 0.05 | H17: 1 | I17: =+E17*F17*G17*H17 -> 0.1954
A18: 44603 | B18: VF-800 | E18: =3.26+5.06+1.45+5.91 -> 15.68 | F18: 0.4 | G18: 0.05 | H18: 1 | I18: =+E18*F18*G18*H18 -> 0.3136
A19: 44603 | B19: VF-700 | E19: =3.2+2.38 -> 5.58 | F19: 0.4 | G19: 0.05 | H19: 1 | I19: =+E19*F19*G19*H19 -> 0.1116
A20: 44603 | B20: VF-600 | E20: 3.26 | F20: 0.4 | G20: 0.05 | H20: 1 | I20: =+E20*F20*G20*H20 -> 0.0652
A21: 44603 | B21: VF-500 | E21: 2.33 | F21: 0.4 | G21: 0.05 | H21: 1 | I21: =+E21*F21*G21*H21 -> 0.0466
A23: Total acumulado hoja
A24: Cantidad Total | I24: =+SUM(I11:I21) -> 1.4326
A25: OBSERVACIONES
A28: Certificamos que estos trabajos han sido revisados por nosotros y se encuentran a conformidad.
A29: Elaboró | B29: Luisa Fda Marulanda S. | D29: Revisó | E29: Carlos Marulanda | H29: Vo.Bo. Contratista
A30: Cargo | B30: Residente de Obra | D30: Cargo | E30: Contratante | H30: Nombre: Octavio Gallego
A31: Firma | D31: Firma | H31: Firma:

Sheet FILTRO
C1: SISTEMA DE GESTIÓN DE LA CALIDAD
C2: MEMORIA MEDICIÓN DE CANTIDADES DE OBRA
A4: OBJETO: | C4: CONSTRUCCIÓN DE CASA LOTE 1 QUINTAS DE SAN ANTONIO-SANTAGUEDA | J4: RESUMEN DE PAGOS
J5: ACTA 1 | M5: ACTA 4 | N5: 16.4
A6: CONTRATANTE: | C6: CARLOS MARULANDA | J6: ACTA 2 | M6: ACTA 5
A7: CONTRATISTA: | C7: OCTAVIO GALLEGO | J7: ACTA 3 | M7: ACTA 6 | N7: =+I20 -> 41.1
F8: Unidad: ML | J8: ESQUEMA
A9: Item :SUMINISTRO, TRANSPORTE E INSTALACION FILTRO DRENAJE (0.50 x 0.50 m)
A10: FECHA | B10: DETALLE | E10: LARGO | F10: ANCHO | G10: ALTO | H10: CANT. | I10: TOTAL
A11: 44687 | B11: FILTRO EN PIEDRA CUNETA | E11: 29.1 | F11: 1 | G11: 1 | H11: 1 | I11: =+E11*H11*F11*G11 -> 29.1
A12: 44687 | B12: FILTO PARQUEADERO (1/2 VIAJE) | E12: 12 | F12: 1 | G12: 1 | H12: 1 | I12: =+E12*H12*F12*G12 -> 12 | P12: diametro: 8.9 cm
P15: 0.089
P16: =+P15/2 -> 0.0445
A19: Total acumulado hoja
A20: Cantidad Total | I20: =+I11+I12+I13+I14+I15+I16 -> 41.1
A21: OBSERVACIONES SE ACOMODA LA CANTIDAD DE M3 PARA QUE DE EL VALOR DE MEDIO VIAJE DE FILTRO
A24: Certificamos que estos trabajos han sido revisados por nosotros y se encuentran a conformidad.
A25: Elaboró | B25: Luisa Fda Marulanda S. | D25: Revisó | E25: Carlos Marulanda | H25: Vo.Bo. Contratista
A26: Cargo | B26: Residente de Obra | D26: Cargo | E26: Contratante | H26: Nombre: Octavio Gallego
A27: Firma | D27: Firma | H27: Firma:

Sheet ACERO 420 MPA
C1: SISTEMA DE GESTIÓN DE LA CALIDAD
C2: MEMORIA MEDICIÓN DE CANTIDADES DE OBRA
A4: OBJETO: | C4: CONSTRUCCIÓN DE CASA LOTE 1 QUINTAS DE SAN ANTONIO-SANTAGUEDA | J4: RESUMEN DE PAGOS
J5: ACTA 1 | K5: 606.744 | M5: ACTA 4 | N5: 1476.4008
A6: CONTRATANTE: | C6: CARLOS MARULANDA | J6: ACTA 2 | K6: 2441.0328 | M6: ACTA 5
A7: CONTRATISTA: | C7: OCTAVIO GALLEGO | J7: ACTA 3 | M7: ACTA 6 | N7: =+I19 -> 20.715
F8: Unidad: KG | J8: ESQUEMA
A9: Item :SUMINISTRO, TRANSPORTE E INSTALACIÓN DE ACERO DE REFUERZO DE 1/4" A 1-1/4" DE 420 MPA (4200 KG/CM2)
A10: FECHA | B10: DETALLE | E10: LARGO | F10: PESO | G10: CANT. VARIL | H10: CANT. | I10: TOTAL
A11: 44687 | B11: CUNETA | E11: 29.1 | F11: 0.25 | G11: 1 | H11: 1 | I11: =+E11*F11*G11*H11 -> 7.275
A12: 44687 | B12: CUNETA | E12: 6 | F12: 0.56 | G12: 4 | H12: 1 | I12: =+E12*F12*G12*H12 -> 13.44
A13: 44687 | B13: VIGAS LONGITUDINAL | E13: 91.93 | F13: 0.56 | G13: 2 | H13: 1
A14: 44687 | B14: GANCHOS | E14: 0.1 | F14: 0.25 | G14: =+E13/0.15 -> 612.86667 | H14: 1
A18: Total acumulado hoja
A19: Cantidad Total | I19: =+SUM(I11:I17) -> 20.715
A20: OBSERVACIONES
A23: Certificamos que estos trabajos han sido revisados por nosotros y se encuentran a conformidad.
A24: Elaboró | B24: Luisa Fda Marulanda S. | D24: Revisó | E24: Carlos Marulanda | H24: Vo.Bo. Contratista
A25: Cargo | B25: Residente de Obra | D25: Cargo | E25: Contratante | H25: Nombre: Octavio Gallego
A26: Firma | D26: Firma | H26: Firma:

Sheet ANCLAJE
C1: SISTEMA DE GESTIÓN DE LA CALIDAD
C2: MEMORIA MEDICIÓN DE CANTIDADES DE OBRA
A4: OBJETO: | C4: CONSTRUCCIÓN DE CASA LOTE 1 QUINTAS DE SAN ANTONIO-SANTAGUEDA | J4: RESUMEN DE PAGOS
J5: ACTA 1 | M5: ACTA 4 | N5: =+I20 -> 126
A6: CONTRATANTE: | C6: CARLOS MARULANDA | J6: ACTA 2 | M6: ACTA 5
A7: CONTRATISTA: | C7: OCTAVIO GALLEGO | J7: ACTA 3 | M7: ACTA 6
F8: Unidad: UN | J8: ESQUEMA
A9: Item :SUMINISTRO, TRANSPORTE E INSTALACION ANCLAJE EPOXICO 3/8" L=15 cm (Incluye perforación y adhesivo epóxico)
A10: FECHA | B10: DETALLE | E10: LARGO | F10: ANCHO | G10: ALTO | H10: CANT. | I10: TOTAL
A11: 44638 | B11: ENTRE MUROS Y COLUMNAS | E11: 1 | F11: 1 | G11: 1 | H11: =115+4+7 -> 126 | I11: =+E11*H11*F11*G11 -> 126
P12: diametro: 8.9 cm
P15: 0.089
P16: =+P15/2 -> 0.0445
A19: Total acumulado hoja
A20: Cantidad Total | I20: =+I11+I12+I13+I14+I15+I16 -> 126
A21: OBSERVACIONES ______________________________________________________________________________________________________
A24: Certificamos que estos trabajos han sido revisados por nosotros y se encuentran a conformidad.
A25: Elaboró | B25: Luisa Fda Marulanda S. | D25: Revisó | E25: Carlos Marulanda | H25: Vo.Bo. Contratista
A26: Cargo | B26: Residente de Obra | D26: Cargo | E26: Contratante | H26: Nombre: Octavio Gallego
A27: Firma | D27: Firma | H27: Firma:

Sheet ANCLAJE  1.2
C1: SISTEMA DE GESTIÓN DE LA CALIDAD
C2: MEMORIA MEDICIÓN DE CANTIDADES DE OBRA
A4: OBJETO: | C4: CONSTRUCCIÓN DE CASA LOTE 1 QUINTAS DE SAN ANTONIO-SANTAGUEDA | J4: RESUMEN DE PAGOS
J5: ACTA 1 | M5: ACTA 4
A6: CONTRATANTE: | C6: CARLOS MARULANDA | J6: ACTA 2 | M6: ACTA 5
A7: CONTRATISTA: | C7: OCTAVIO GALLEGO | J7: ACTA 3 | M7: ACTA 6
J8: ACTA 7 | M8: ACTA 8 | N8: =+I21 -> 75
F9: Unidad: UN | J9: ESQUEMA
A10: Item :SUMINISTRO, TRANSPORTE E INSTALACION ANCLAJE EPOXICO 1/2" L=25 cm (Incluye perforación y adhesivo epóxico)
A11: FECHA | B11: DETALLE | E11: LARGO | F11: ANCHO | G11: ALTO | H11: CANT. | I11: TOTAL
A12: 44729 | B12: ANCLAJE PARA CUBIERTA | E12: 1 | F12: 1 | G12: 1 | H12: 75 | I12: =+E12*H12*F12*G12 -> 75
P13: diametro: 8.9 cm
P16: 0.089
P17: =+P16/2 -> 0.0445
A20: Total acumulado hoja
A21: Cantidad Total | I21: =+I12+I13+I14+I15+I16+I17 -> 75
A22: OBSERVACIONES ______________________________________________________________________________________________________
A25: Certificamos que estos trabajos han sido revisados por nosotros y se encuentran a conformidad.
A26: Elaboró | B26: Luisa Fda Marulanda S. | D26: Revisó | E26: Carlos Marulanda | H26: Vo.Bo. Contratista
A27: Cargo | B27: Residente de Obra | D27: Cargo | E27: Contratante | H27: Nombre: Octavio Gallego
A28: Firma | D28: Firma | H28: Firma:

Sheet MUROS
C1: SISTEMA DE GESTIÓN DE LA CALIDAD
C2: MEMORIA MEDICIÓN DE CANTIDADES DE OBRA
A4: OBJETO: | C4: CONSTRUCCIÓN DE CASA LOTE 1 QUINTAS DE SAN ANTONIO-SANTAGUEDA | J4: RESUMEN DE PAGOS
J5: ACTA 1 | M5: ACTA 4
A6: CONTRATANTE: | C6: CARLOS MARULANDA | J6: ACTA 2 | M6: ACTA 5
A7: CONTRATISTA: | C7: OCTAVIO GALLEGO | J7: ACTA 3 | K7: 126.078 | M7: ACTA 6
J8: ACTA 7 | M8: ACTA 8 | N8: =+I20 -> 6.98
F9: Unidad: M2 | J9: ESQUEMA
A10: Item :SUMINISTRO, TRANSPORTE E INSTALACIÓN MUROS EN MAMPOSTERIA
A11: FECHA | B11: DETALLE | E11: LARGO | F11: ANCHO | G11: ALTO | H11: CANT. | I11: TOTAL
A12: 44729 | B12: MURO BARRA COCINA | E12: 1.8 | G12: 1.1 | I12: =+E12*G12 -> 1.98
A13: 44729 | B13: PEGA PARA ALCANZAR CUBIERTA | E13: 5 | H13: 1 | I13: =+E13 -> 5
A19: Total acumulado hoja
A20: Cantidad Total | I20: =+SUM(I12:I18) -> 6.98
A21: OBSERVACIONES
A22: Y VOLUMEN DE AFIRMADO EN REPOSICIÓN
A24: Certificamos que estos trabajos han sido revisados por nosotros y se encuentran a conformidad.
A25: Elaboró | B25: Luisa Fda Marulanda S. | D25: Revisó | E25: Carlos Marulanda | H25: Vo.Bo. Contratista
A26: Cargo | B26: Residente de Obra | D26: Cargo | E26: Contratante | H26: Nombre: Octavio Gallego
A27: Firma | D27: Firma | H27: Firma:

Sheet LLAVE 
C1: SISTEMA DE GESTIÓN DE LA CALIDAD
C2: MEMORIA MEDICIÓN DE CANTIDADES DE OBRA
A4: OBJETO: | C4: CONSTRUCCIÓN DE CASA LOTE 1 QUINTAS DE SAN ANTONIO-SANTAGUEDA | J4: RESUMEN DE PAGOS
J5: ACTA 1 | M5: ACTA 4
A6: CONTRATANTE: | C6: CARLOS MARULANDA | J6: ACTA 2 | M6: ACTA 5 | N6: =+I20 -> 1
A7: CONTRATISTA: | C7: OCTAVIO GALLEGO | J7: ACTA 3 | M7: ACTA 6
F8: Unidad: UN | J8: ESQUEMA
A9: Item :SUMINISTRO, TRANSPORTE E INSTALACION LLAVE TERMINAL MANGUERA 1/2"
A10: FECHA | B10: DETALLE | E10: LARGO | F10: ANCHO | G10: ALTO | H10: CANT. | I10: TOTAL
A11: 44659 | B11: PROVISIONAL AGUA | H11: 1 | I11: =+H11 -> 1
A19: Total acumulado hoja
A20: Cantidad Total | I20: =+I11+I12+I13+I14+I15+I16 -> 1
A21: OBSERVACIONES ______________________________________________________________________________________________________
A24: Certificamos que estos trabajos han sido revisados por nosotros y se encuentran a conformidad.
A25: Elaboró | B25: Luisa Fda Marulanda S. | D25: Revisó | E25: Carlos Marulanda | H25: Vo.Bo. Contratista
A26: Cargo | B26: Residente de Obra | D26: Cargo | E26: Contratante | H26: Nombre: Octavio Gallego
A27: Firma | D27: Firma | H27: Firma:

Sheet LLAVE DE PASO
C1: SISTEMA DE GESTIÓN DE LA CALIDAD
C2: MEMORIA MEDICIÓN DE CANTIDADES DE OBRA
A4: OBJETO: | C4: CONSTRUCCIÓN DE CASA LOTE 1 QUINTAS DE SAN ANTONIO-SANTAGUEDA | J4: RESUMEN DE PAGOS
J5: ACTA 1 | M5: ACTA 4
A6: CONTRATANTE: | C6: CARLOS MARULANDA | J6: ACTA 2 | M6: ACTA 5 | N6: =+I20 -> 5
A7: CONTRATISTA: | C7: OCTAVIO GALLEGO | J7: ACTA 3 | M7: ACTA 6
F8: Unidad: UN | H8: 30000 | J8: ESQUEMA
A9: Item :SUMINISTRO, TRANSPORTE E INSTALACION LLAVE DE PASO 1/2"
A10: FECHA | B10: DETALLE | E10: LARGO | F10: ANCHO | G10: ALTO | H10: CANT. | I10: TOTAL
A11: 44659 | B11: BAÑOS | H11: 3 | I11: =+H11 -> 3
A12: 44659 | B12: PATIO | H12: 1 | I12: =+H12 -> 1
A13: 44659 | B13: ACOMETIDA | H13: 1 | I13: =+H13 -> 1
A19: Total acumulado hoja
A20: Cantidad Total | I20: =+I11+I12+I13+I14+I15+I16 -> 5
A21: OBSERVACIONES ______________________________________________________________________________________________________
A24: Certificamos que estos trabajos han sido revisados por nosotros y se encuentran a conformidad.
A25: Elaboró | B25: Luisa Fda Marulanda S. | D25: Revisó | E25: Carlos Marulanda | H25: Vo.Bo. Contratista
A26: Cargo | B26: Residente de Obra | D26: Cargo | E26: Contratante | H26: Nombre: Octavio Gallego
A27: Firma | D27: Firma | H27: Firma:

Sheet FILTRO GEOTEXTIL
C1: SISTEMA DE GESTIÓN DE LA CALIDAD
C2: MEMORIA MEDICIÓN DE CANTIDADES DE OBRA
A4: OBJETO: | C4: CONSTRUCCIÓN DE CASA LOTE 1 QUINTAS DE SAN ANTONIO-SANTAGUEDA | J4: RESUMEN DE PAGOS
J5: ACTA 1 | M5: ACTA 4
A6: CONTRATANTE: | C6: CARLOS MARULANDA | J6: ACTA 2 | M6: ACTA 5 | N6: =+I20 -> 21
A7: CONTRATISTA: | C7: OCTAVIO GALLEGO | J7: ACTA 3 | M7: ACTA 6
F8: Unidad: ML | J8: ESQUEMA
A9: Item :SUMINISTRO, TRANSPORTE E INSTALACION FILTRO DRENAJE (0.60 x 0.60 m). Incluye relleno piedra filtro, Geotextil NT 3000
A10: FECHA | B10: DETALLE | E10: LARGO | F10: ANCHO | G10: ALTO | H10: CANT. | I10: TOTAL
A11: 44659 | B11: FILTRO EN PIEDRA | E11: 21 | F11: 1 | G11: 1 | H11: 1 | I11: =+E11*H11*F11*G11 -> 21
P12: diametro: 8.9 cm
P15: 0.089
P16: =+P15/2 -> 0.0445
A19: Total acumulado hoja
A20: Cantidad Total | I20: =+I11+I12+I13+I14+I15+I16 -> 21
A21: OBSERVACIONES ______________________________________________________________________________________________________
A24: Certificamos que estos trabajos han sido revisados por nosotros y se encuentran a conformidad.
A25: Elaboró | B25: Luisa Fda Marulanda S. | D25: Revisó | E25: Carlos Marulanda | H25: Vo.Bo. Contratista
A26: Cargo | B26: Residente de Obra | D26: Cargo | E26: Contratante | H26: Nombre: Octavio Gallego
A27: Firma | D27: Firma | H27: Firma:

Sheet FILTRO PIEDRA
C1: SISTEMA DE GESTIÓN DE LA CALIDAD
C2: MEMORIA MEDICIÓN DE CANTIDADES DE OBRA
A4: OBJETO: | C4: CONSTRUCCIÓN DE CASA LOTE 1 QUINTAS DE SAN ANTONIO-SANTAGUEDA | J4: RESUMEN DE PAGOS
J5: ACTA 1 | M5: ACTA 4
A6: CONTRATANTE: | C6: CARLOS MARULANDA | J6: ACTA 2 | M6: ACTA 5 | N6: 1
A7: CONTRATISTA: | C7: OCTAVIO GALLEGO | J7: ACTA 3 | M7: ACTA 6
F8: Unidad: M3 | J8: ESQUEMA
A9: Item :SUMINISTRO, TRANSPORTE E INSTALACION FILTRO EN PIEDRA
A10: FECHA | B10: DETALLE | E10: LARGO | F10: ANCHO | G10: ALTO | H10: CANT. | I10: TOTAL
P12: diametro: 8.9 cm
P15: 0.089
P16: =+P15/2 -> 0.0445
A19: Total acumulado hoja
A20: Cantidad Total | I20: =+I11+I12+I13+I14+I15+I16 -> 0
A21: OBSERVACIONES ______________________________________________________________________________________________________
A24: Certificamos que estos trabajos han sido revisados por nosotros y se encuentran a conformidad.
A25: Elaboró | B25: Luisa Fda Marulanda S. | D25: Revisó | E25: Carlos Marulanda | H25: Vo.Bo. Contratista
A26: Cargo | B26: Residente de Obra | D26: Cargo | E26: Contratante | H26: Nombre: Octavio Gallego
A27: Firma | D27: Firma | H27: Firma:

Sheet CUNETA
C1: SISTEMA DE GESTIÓN DE LA CALIDAD
C2: MEMORIA MEDICIÓN DE CANTIDADES DE OBRA
A4: OBJETO: | C4: CONSTRUCCIÓN DE CASA LOTE 1 QUINTAS DE SAN ANTONIO-SANTAGUEDA | J4: RESUMEN DE PAGOS
J5: ACTA 1 | M5: ACTA 4
A6: CONTRATANTE: | C6: CARLOS MARULANDA | J6: ACTA 2 | M6: ACTA 5
A7: CONTRATISTA: | C7: OCTAVIO GALLEGO | J7: ACTA 3 | M7: ACTA 6 | N7: =+I20 -> 29.1
F8: Unidad: ML | J8: ESQUEMA
A9: Item :SUMINISTRO, TRANSPORTE E INSTALACION CUNETA CONCRETO 3000 PSI
A10: FECHA | B10: DETALLE | E10: LARGO | F10: ANCHO | G10: ALTO | H10: CANT. | I10: TOTAL
A11: 44687 | B11: CUNETA LATERAL | E11: 29.1 | F11: 1 | G11: 1 | H11: 1 | I11: =+E11*H11*F11*G11 -> 29.1
P12: diametro: 8.9 cm
P15: 0.089
P16: =+P15/2 -> 0.0445
A19: Total acumulado hoja
A20: Cantidad Total | I20: =+I11 -> 29.1
A21: OBSERVACIONES ______________________________________________________________________________________________________
A24: Certificamos que estos trabajos han sido revisados por nosotros y se encuentran a conformidad.
A25: Elaboró | B25: Luisa Fda Marulanda S. | D25: Revisó | E25: Carlos Marulanda | H25: Vo.Bo. Contratista
A26: Cargo | B26: Residente de Obra | D26: Cargo | E26: Contratante | H26: Nombre: Octavio Gallego
A27: Firma | D27: Firma | H27: Firma:

Sheet ESTRUCTURA METAL
C1: SISTEMA DE GESTIÓN DE LA CALIDAD
C2: MEMORIA MEDICIÓN DE CANTIDADES DE OBRA
A4: OBJETO: | C4: CONSTRUCCIÓN DE CASA LOTE 1 QUINTAS DE SAN ANTONIO-SANTAGUEDA | J4: RESUMEN DE PAGOS
J5: ACTA 1 | M5: ACTA 4
A6: CONTRATANTE: | C6: CARLOS MARULANDA | J6: ACTA 2 | M6: ACTA 5
A7: CONTRATISTA: | C7: OCTAVIO GALLEGO | J7: ACTA 3 | M7: ACTA 6
A8: CONTRATISTA: | C8: OCTAVIO GALLEGO | J8: ACTA 7 | K8: 409.875 | M8: ACTA 8 | N8: =+I21 -> 588.375
F9: Unidad: KG | J9: ESQUEMA
A10: Item : SUMINISTRO, TRANSPORTE E INSTALACION ESTRUCTURA METALICA EN PERFILERIA
A11: FECHA | B11: DETALLE | E11: LARGO | F11: PESO | H11: CANT. | I11: TOTAL
A12: 44729 | B12: PERFIL 100X50X2MM EN C | E12: 6 | F12: =25.25/6 -> 4.2083333 | H12: =(12+15)/2 -> 13.5 | I12: =+E12*F12*H12 -> 340.875
A13: 44729 | B13: PERFIL 100X50X2MM EN C EXTRA | E13: 6 | F13: =25.25/6 -> 4.2083333 | H13: 4 | I13: =+E13*F13*H13 -> 101
A14: 44729 | B14: TUBO RECTANGULAR 3x 1 1/2 | E14: 6 | F14: =11.5/6 -> 1.9166667 | H14: 6 | I14: =+E14*F14*H14 -> 69
A15: 44729 | B15: TUBO RECTANGULAR 3x 1 1/2 EXTRA | E15: 6 | F15: =11.5/6 -> 1.9166667 | H15: 5 | I15: =+E15*F15*H15 -> 57.5
A16: 44729 | B16: VARILLAS SOLDADAS REFUERZO | I16: 20
A20: Total acumulado hoja
A21: Cantidad Total | I21: =+SUM(I12:I19) -> 588.375
A22: OBSERVACIONES
A25: Certificamos que estos trabajos han sido revisados por nosotros y se encuentran a conformidad.
A26: Elaboró | B26: Luisa Fda Marulanda S. | D26: Revisó | E26: Carlos Marulanda | H26: Vo.Bo. Contratista
A27: Cargo | B27: Residente de Obra | D27: Cargo | E27: Contratante | H27: Nombre: Octavio Gallego
A28: Firma | D28: Firma | H28: Firma:

Sheet REVOQUE
C1: SISTEMA DE GESTIÓN DE LA CALIDAD
C2: MEMORIA MEDICIÓN DE CANTIDADES DE OBRA
A4: OBJETO: | C4: CONSTRUCCIÓN DE CASA LOTE 1 QUINTAS DE SAN ANTONIO-SANTAGUEDA | J4: RESUMEN DE PAGOS
J5: ACTA 1 | M5: ACTA 4
A6: CONTRATANTE: | C6: CARLOS MARULANDA | J6: ACTA 2 | M6: ACTA 5 | N6: 337.136
A7: CONTRATISTA: | C7: OCTAVIO GALLEGO | J7: ACTA 3 | M7: ACTA 6
J8: ACTA 7 | K8: 21.95 | M8: ACTA 8 | N8: =+I22 -> 3.96
F9: Unidad: M2 | J9: ESQUEMA
A10: Item : SUMINISTRO,TRANSPORTE E INSTALACION REVOQUE LISO MUROS 1:3
A11: FECHA | B11: DETALLE | E11: LARGO | F11: ANCHO | G11: ALTO | H11: CANT. | I11: TOTAL
A12: 44729 | B12: MURO BARRA COCINA | E12: 1.8 | G12: 1.1 | H12: 2 | I12: =+E12*G12*H12 -> 3.96
I13: =+E13*G13*H13 -> 0
I14: =+E14*G14*H14 -> 0
A21: 1
A22: 1 | I22: =+SUM(I12:I20) -> 3.96
A23: OBSERVACIONES: SE TIENE EN CUENTA REVOQUE INTERIOR Y EXTERIOR
A26: Certificamos que estos trabajos han sido revisados por nosotros y se encuentran a conformidad.
A27: Elaboró | B27: Luisa Fda Marulanda S. | D27: Revisó | E27: Carlos Marulanda | H27: Vo.Bo. Contratista
A28: Cargo | B28: Residente de Obra | D28: Cargo | E28: Contratante | H28: Nombre: Octavio Gallego
A29: Firma | D29: Firma | H29: Firma:

Sheet CUCHILLA REVOQUE
C1: SISTEMA DE GESTIÓN DE LA CALIDAD
C2: MEMORIA MEDICIÓN DE CANTIDADES DE OBRA
A4: OBJETO: | C4: CONSTRUCCIÓN DE CASA LOTE 1 QUINTAS DE SAN ANTONIO-SANTAGUEDA | J4: RESUMEN DE PAGOS
J5: ACTA 1 | M5: ACTA 4
A6: CONTRATANTE: | C6: CARLOS MARULANDA | J6: ACTA 2 | M6: ACTA 5
A7: CONTRATISTA: | C7: OCTAVIO GALLEGO | J7: ACTA 3 | M7: ACTA 6
J8: ACTA 7 | K8: =+I27 -> 128.702 | M8: ACTA 8
F9: Unidad: M2 | J9: ESQUEMA
A10: Item :SUMINISTRO,TRANSPORTE E INSTALACION REVOQUE LISO MUROS 1:3
A11: FECHA | B11: DETALLE | E11: LARGO | F11: ANCHO | G11: ALTO | H11: CANT. | I11: TOTAL
A12: 44708 | B12: CUCHILLAS (2 caras) longitud x altura promedio | E12: 11.3 | F12: 1 | G12: =+(0.3+0.8+1)/(3) -> 0.7 | H12: 4 | I12: =+E12*F12*G12*H12 -> 31.64
A13: 44708 | E13: 4 | F13: 1 | G13: =+(0.3+0.8+1)/(3) -> 0.7 | H13: 2 | I13: =+E13*F13*G13*H13 -> 5.6
A14: 44708 | E14: 2.27 | F14: 1 | G14: =+(0.3+0.8+1)/(3) -> 0.7 | H14: 4 | I14: =+E14*F14*G14*H14 -> 6.356
A15: 44708 | E15: 3.5 | F15: 1 | G15: =+(0.3+0.8+1)/(3) -> 0.7 | H15: 2 | I15: =+E15*F15*G15*H15 -> 4.9
A16: 44708 | E16: 3.56 | F16: 1 | G16: =+(0.3+0.8+1)/(3) -> 0.7 | H16: 8 | I16: =+E16*F16*G16*H16 -> 19.936
A17: 44708 | E17: 2.1 | F17: 1 | G17: =+(0.3+0.8+1)/(3) -> 0.7 | H17: 2 | I17: =+E17*F17*G17*H17 -> 2.94
A18: 44708 | E18: 1.7 | F18: 1 | G18: =+(0.3+0.8+1)/(3) -> 0.7 | H18: 2 | I18: =+E18*F18*G18*H18 -> 2.38
A19: 44708 | E19: 1.55 | F19: 1 | G19: =+(0.3+0.8+1)/(3) -> 0.7 | H19: 2 | I19: =+E19*F19*G19*H19 -> 2.17
A20: 44708 | E20: 6.7 | F20: 1 | G20: =+(0.3+0.8+1)/(3) -> 0.7 | H20: 4 | I20: =+E20*F20*G20*H20 -> 18.76
A21: 44708 | E21: 2.9 | F21: 1 | G21: =+(0.3+0.8+1)/(3) -> 0.7 | H21: 6 | I21: =+E21*F21*G21*H21 -> 12.18
A22: 44708 | E22: 1.4 | F22: 1 | G22: =+(0.3+0.8+1)/(3) -> 0.7 | H22: 2 | I22: =+E22*F22*G22*H22 -> 1.96
A23: 44708 | E23: 3.6 | F23: 1 | G23: =+(0.3+0.8+1)/(3) -> 0.7 | H23: 2 | I23: =+E23*F23*G23*H23 -> 5.04
A24: 44708 | E24: 2.2 | F24: 1 | G24: =+(0.3+0.8+1)/(3) -> 0.7 | H24: 2 | I24: =+E24*F24*G24*H24 -> 3.08
A25: 44708 | E25: 8.4 | F25: 1 | G25: =+(0.3+0.8+1)/(3) -> 0.7 | H25: 2 | I25: =+E25*F25*G25*H25 -> 11.76
A26: Total acumulado hoja
A27: Cantidad Total | I27: =+SUM(I12:I25) -> 128.702
A28: OBSERVACIONES ______________________________________________________________________________________________________
A31: Certificamos que estos trabajos han sido revisados por nosotros y se encuentran a conformidad.
A32: Elaboró | B32: Luisa Fda Marulanda S. | D32: Revisó | E32: Carlos Marulanda | H32: Vo.Bo. Contratista
A33: Cargo | B33: Residente de Obra | D33: Cargo | E33: Contratante | H33: Nombre: Octavio Gallego
A34: Firma | D34: Firma | H34: Firma:

Sheet CARTERAS
C1: SISTEMA DE GESTIÓN DE LA CALIDAD
C2: MEMORIA MEDICIÓN DE CANTIDADES DE OBRA
A4: OBJETO: | C4: CONSTRUCCIÓN DE CASA LOTE 1 QUINTAS DE SAN ANTONIO-SANTAGUEDA | J4: RESUMEN DE PAGOS
J5: ACTA 1 | M5: ACTA 4
A6: CONTRATANTE: | C6: CARLOS MARULANDA | J6: ACTA 2 | M6: ACTA 5
A7: CONTRATISTA: | C7: OCTAVIO GALLEGO | J7: ACTA 3 | M7: ACTA 6
J8: ACTA 7 | K8: 84.94 | M8: ACTA 8 | N8: =+I24 -> 1.8
F9: Unidad: ML | J9: ESQUEMA
A10: Item : SUMINISTRO,TRANSPORTE E INSTALACION REVOQUE LISO CARTERAS
A11: FECHA | B11: DETALLE | E11: LARGO | F11: ANCHO | G11: ALTO | H11: CANT. | I11: TOTAL
A12: 44729 | B12: MURO BARRA COCINA | E12: 1.8 | H12: 1 | I12: =+E12*H12 -> 1.8
A23: 1
A24: 1 | I24: =+SUM(I12:I22) -> 1.8
A25: OBSERVACIONES: SE TIENE EN CUENTA REVOQUE INTERIOR Y EXTERIOR
A28: Certificamos que estos trabajos han sido revisados por nosotros y se encuentran a conformidad.
A29: Elaboró | B29: Luisa Fda Marulanda S. | D29: Revisó | E29: Carlos Marulanda | H29: Vo.Bo. Contratista
A30: Cargo | B30: Residente de Obra | D30: Cargo | E30: Contratante | H30: Nombre: Octavio Gallego
A31: Firma | D31: Firma | H31: Firma:

Sheet PUNTO GALVANIZADO
C1: SISTEMA DE GESTIÓN DE LA CALIDAD
C2: MEMORIA MEDICIÓN DE CANTIDADES DE OBRA
A4: OBJETO: | C4: CONSTRUCCIÓN DE CASA LOTE 1 QUINTAS DE SAN ANTONIO-SANTAGUEDA | J4: RESUMEN DE PAGOS
J5: ACTA 1 | M5: ACTA 4
A6: CONTRATANTE: | C6: CARLOS MARULANDA | J6: ACTA 2 | M6: ACTA 5
A7: CONTRATISTA: | C7: OCTAVIO GALLEGO | J7: ACTA 3 | M7: ACTA 6
J8: ACTA 7 | M8: ACTA 8
J9: ACTA 9 | K9: =+I22 -> 8 | M9: ACTA 10
F10: Unidad: UN | J10: ESQUEMA
A11: Item :SUMINISTRO, TRANSPORTE E INSTALACION PUNTO AGUA FRIA GALVANIZADO INCLUYE ACCESORIOS
A12: FECHA | B12: DETALLE | E12: LARGO | F12: ANCHO | G12: ALTO | H12: CANT. | I12: TOTAL
A13: 44757 | B13: DUCHAS | H13: 2 | I13: =+H13 -> 2
A14: 44757 | B14: MEZCLADORES | H14: 2 | I14: =+H14 -> 2
A15: 44757 | B15: LAVADERO Y LAVADORA | H15: 2 | I15: =+H15 -> 2
A16: 44757 | B16: GAS | H16: 2 | I16: =+H16 -> 2
I17: =+H17 -> 0
I18: =+H18 -> 0
A21: Total acumulado hoja
A22: Cantidad Total | I22: =+I13+I14+I15+I16+I17+I18 -> 8
A23: OBSERVACIONES ______________________________________________________________________________________________________
A26: Certificamos que estos trabajos han sido revisados por nosotros y se encuentran a conformidad.
A27: Elaboró | B27: Luisa Fda Marulanda S. | D27: Revisó | E27: Carlos Marulanda | H27: Vo.Bo. Contratista
A28: Cargo | B28: Residente de Obra | D28: Cargo | E28: Contratante | H28: Nombre: Octavio Gallego
A29: Firma | D29: Firma | H29: Firma:

Sheet ESTUCO
C1: SISTEMA DE GESTIÓN DE LA CALIDAD
C2: MEMORIA MEDICIÓN DE CANTIDADES DE OBRA
A4: OBJETO: | C4: CONSTRUCCIÓN DE CASA LOTE 1 QUINTAS DE SAN ANTONIO-SANTAGUEDA | J4: RESUMEN DE PAGOS
J5: ACTA 1 | M5: ACTA 4
A6: CONTRATANTE: | C6: CARLOS MARULANDA | J6: ACTA 2 | M6: ACTA 5
A7: CONTRATISTA: | C7: OCTAVIO GALLEGO | J7: ACTA 3 | M7: ACTA 6
J8: ACTA 7 | M8: ACTA 8 | N8: 100.824
J9: ACTA 9 | K9: =+I27 -> 121.426 | M9: ACTA 10
F10: Unidad: M2 | J10: ESQUEMA
A11: Item : SUMINISTRO,TRANSPORTE E INSTALACION ESTUCO
A12: FECHA | B12: DETALLE | E12: LARGO | F12: ANCHO | G12: ALTO | H12: CANT. | I12: TOTAL
A13: 44757 | B13: REVOQUE TOTAL CASA | H13: 363.046 | I13: =+H13 -> 363.046
B14: TABLILLA | H14: =-(44.74+36.1) -> -80.84 | I14: =+H14 -> -80.84
B15: ACTA 8 YA PASADA | I15: -100.82
B16: CERAMICA | H16: -59.96 | I16: =+H16 -> -59.96
A26: 1
A27: 1 | I27: =+SUM(I13:I25) -> 121.426
A28: OBSERVACIONES: SE TIENE EN CUENTA REVOQUE INTERIOR Y EXTERIOR
A31: Certificamos que estos trabajos han sido revisados por nosotros y se encuentran a conformidad.
A32: Elaboró | B32: Luisa Fda Marulanda S. | D32: Revisó | E32: Carlos Marulanda | H32: Vo.Bo. Contratista
A33: Cargo | B33: Residente de Obra | D33: Cargo | E33: Contratante | H33: Nombre: Octavio Gallego
A34: Firma | D34: Firma | H34: Firma:

Sheet PINTURA
C1: SISTEMA DE GESTIÓN DE LA CALIDAD
C2: MEMORIA MEDICIÓN DE CANTIDADES DE OBRA
A4: OBJETO: | C4: CONSTRUCCIÓN DE CASA LOTE 1 QUINTAS DE SAN ANTONIO-SANTAGUEDA | J4: RESUMEN DE PAGOS
J5: ACTA 1 | M5: ACTA 4
A6: CONTRATANTE: | C6: CARLOS MARULANDA | J6: ACTA 2 | M6: ACTA 5
A7: CONTRATISTA: | C7: OCTAVIO GALLEGO | J7: ACTA 3 | M7: ACTA 6
J8: ACTA 7 | M8: ACTA 8
J9: ACTA 9 | K9: =+I27 -> 222.246 | M9: ACTA 10
F10: Unidad: M2 | J10: ESQUEMA
A11: Item : INSTALACIÓN VINILO 3 MANOS SOBRE MURO
A12: FECHA | B12: DETALLE | E12: LARGO | F12: ANCHO | G12: ALTO | H12: CANT. | I12: TOTAL
A13: 44757 | B13: REVOQUE TOTAL CASA | H13: 363.046 | I13: =+H13 -> 363.046
B14: TABLILLA | H14: =-(44.74+36.1) -> -80.84 | I14: =+H14 -> -80.84
B15: CERAMICA | H15: -59.96 | I15: =+H15 -> -59.96
A26: 1
A27: 1 | I27: =+SUM(I13:I25) -> 222.246
A28: OBSERVACIONES: SE TIENE EN CUENTA REVOQUE INTERIOR Y EXTERIOR
A31: Certificamos que estos trabajos han sido revisados por nosotros y se encuentran a conformidad.
A32: Elaboró | B32: Luisa Fda Marulanda S. | D32: Revisó | E32: Carlos Marulanda | H32: Vo.Bo. Contratista
A33: Cargo | B33: Residente de Obra | D33: Cargo | E33: Contratante | H33: Nombre: Octavio Gallego
A34: Firma | D34: Firma | H34: Firma:

Sheet FILOS Y DIL ESTUCO Y PINTURA
C1: SISTEMA DE GESTIÓN DE LA CALIDAD
C2: MEMORIA MEDICIÓN DE CANTIDADES DE OBRA
A4: OBJETO: | C4: CONSTRUCCIÓN DE CASA LOTE 1 QUINTAS DE SAN ANTONIO-SANTAGUEDA | J4: RESUMEN DE PAGOS
J5: ACTA 1 | M5: ACTA 4
A6: CONTRATANTE: | C6: CARLOS MARULANDA | J6: ACTA 2 | M6: ACTA 5
A7: CONTRATISTA: | C7: OCTAVIO GALLEGO | J7: ACTA 3 | M7: ACTA 6
J8: ACTA 7 | M8: ACTA 8
J9: ACTA 9 | K9: =+I31 -> 462.6 | M9: ACTA 10
F10: Unidad: ML | J10: ESQUEMA
A11: Item : INSTALACION FILOS Y DILATACIONES ESTUCO PINTURA
A12: FECHA | B12: DETALLE | E12: LARGO | F12: ANCHO | G12: ALTO | H12: CANT. | I12: TOTAL
A13: 44757 | B13: COLUMNAS MENOS TABLILLA | G13: 2.4 | H13: =(3*18)-23 -> 31 | I13: =+G13*H13 -> 74.4
A14: 44757 | B14: V-A10 | E14: 6.04 | H14: 4 | I14: =+E14*H14 -> 24.16
A15: 44757 | B15: V-B10 | E15: 6.04 | H15: 4 | I15: =+E15*H15 -> 24.16
A16: 44757 | B16: V-F10 | E16: 7 | H16: 4 | I16: =+E16*H16 -> 28
A17: 44757 | B17: V-G10 | E17: 1.81 | H17: 4 | I17: =+E17*H17 -> 7.24
A18: 44757 | B18: V-H10 | E18: 8.41 | H18: 4 | I18: =+E18*H18 -> 33.64
A19: 44757 | B19: V-1110 | E19: 5.71 | H19: 4 | I19: =+E19*H19 -> 22.84
A20: 44757 | B20: V-1010 | E20: =3.26+5.06+1.45 -> 9.77 | H20: 4 | I20: =+E20*H20 -> 39.08
A21: 44757 | B21: V-810 | E21: =3.26+5.06+1.45+5.91 -> 15.68 | H21: 4 | I21: =+E21*H21 -> 62.72
A22: 44757 | B22: V-710 | E22: =3.2+2.38 -> 5.58 | H22: 4 | I22: =+E22*H22 -> 22.32
A23: 44757 | B23: V-610 | E23: 3.26 | H23: 4 | I23: =+E23*H23 -> 13.04
A24: 44757 | B24: V-510 | E24: 2.33 | H24: 4 | I24: =+E24*H24 -> 9.32
A25: 44757 | B25: VIGAS DE AMARRE HABITACIONES Y BAÑO | E25: 3.7 | H25: =5*4 -> 20 | I25: =+E25*H25 -> 74
A26: 44757 | B26: VIGAS DE AMARRE BAÑO | E26: 2.12 | H26: 4 | I26: =+E26*H26 -> 8.48
A27: 44757 | B27: VIGAS DE AMARRE PATIO | E27: 2.95 | H27: 4 | I27: =+E27*H27 -> 11.8
A28: 44757 | B28: VIGAS DE AMARRE BAÑO | E28: 1.85 | H28: 4 | I28: =+E28*H28 -> 7.4
A30: 1
A31: 1 | I31: =+SUM(I13:I29) -> 462.6
A32: OBSERVACIONES:
A35: Certificamos que estos trabajos han sido revisados por nosotros y se encuentran a conformidad.
A36: Elaboró | B36: Luisa Fda Marulanda S. | D36: Revisó | E36: Carlos Marulanda | H36: Vo.Bo. Contratista
A37: Cargo | B37: Residente de Obra | D37: Cargo | E37: Contratante | H37: Nombre: Octavio Gallego
A38: Firma | D38: Firma | H38: Firma:

Sheet CARTERAS ESTUCO
C1: SISTEMA DE GESTIÓN DE LA CALIDAD
C2: MEMORIA MEDICIÓN DE CANTIDADES DE OBRA
A4: OBJETO: | C4: CONSTRUCCIÓN DE CASA LOTE 1 QUINTAS DE SAN ANTONIO-SANTAGUEDA | J4: RESUMEN DE PAGOS
J5: ACTA 1 | M5: ACTA 4
A6: CONTRATANTE: | C6: CARLOS MARULANDA | J6: ACTA 2 | M6: ACTA 5
A7: CONTRATISTA: | C7: OCTAVIO GALLEGO | J7: ACTA 3 | M7: ACTA 6
J8: ACTA 7 | M8: ACTA 8
J9: ACTA 9 | K9: =+I26 -> 85.06 | M9: ACTA 10
F11: Unidad: ML | J11: ESQUEMA
A12: Item : INSTALACION ESTUCO PINTURA CARTERAS
A13: FECHA | B13: DETALLE | E13: LARGO | F13: ANCHO | G13: ALTO | H13: CANT. | I13: TOTAL
A14: 44757 | B14: VENTANA H2 | E14: =2.92+3 -> 5.92 | H14: 2 | I14: =+E14*H14 -> 11.84
B15: VENTANA SALA | E15: =2+2+1.8+1.8 -> 7.6 | H15: 1 | I15: =+E15*H15 -> 7.6
B16: VENTANA H1 | E16: =1.46+1.46+1.5+1.5 -> 5.92 | H16: 1 | I16: =+E16*H16 -> 5.92
B17: VENTANA PATIO | E17: =1.24+1.24+1.5+1.5 -> 5.48 | H17: 1 | I17: =+E17*H17 -> 5.48
B18: VENTANA COCINA | E18: =1.15+1.15+1.5+1.5 -> 5.3 | H18: 1 | I18: =+E18*H18 -> 5.3
B19: VENTANA COCINA | E19: =1.41+1.41+1.5+1.5 -> 5.82 | H19: 1 | I19: =+E19*H19 -> 5.82
B20: VENTANAS BAÑO | E20: =1.5+1.5+0.5+0.5 -> 4 | H20: 2 | I20: =+E20*H20 -> 8
B21: NEVERA | E21: =2.7+0.6+3.3 -> 6.6 | H21: 1 | I21: =+E21*H21 -> 6.6
B22: PUERTAS HABITACIONES | E22: =0.9+2.4+2.4 -> 5.7 | H22: 2 | I22: =+E22*H22 -> 11.4
B23: PUERTA BAÑOS | E23: =0.9+2.4+2.4 -> 5.7 | H23: 3 | I23: =+E23*H23 -> 17.1
I24: =+E24*H24 -> 0
A25: 1
A26: 1 | I26: =+SUM(I14:I24) -> 85.06
A27: OBSERVACIONES: SE TIENE EN CUENTA REVOQUE INTERIOR Y EXTERIOR
A30: Certificamos que estos trabajos han sido revisados por nosotros y se encuentran a conformidad.
A31: Elaboró | B31: Luisa Fda Marulanda S. | D31: Revisó | E31: Carlos Marulanda | H31: Vo.Bo. Contratista
A32: Cargo | B32: Residente de Obra | D32: Cargo | E32: Contratante | H32: Nombre: Octavio Gallego
A33: Firma | D33: Firma | H33: Firma:

Sheet TEJAS
C1: SISTEMA DE GESTIÓN DE LA CALIDAD
C2: MEMORIA MEDICIÓN DE CANTIDADES DE OBRA
A4: OBJETO: | C4: CONSTRUCCIÓN DE CASA LOTE 1 QUINTAS DE SAN ANTONIO-SANTAGUEDA | J4: RESUMEN DE PAGOS
J5: ACTA 1 | M5: ACTA 4
A6: CONTRATANTE: | C6: CARLOS MARULANDA | J6: ACTA 2 | M6: ACTA 5
A7: CONTRATISTA: | C7: OCTAVIO GALLEGO | J7: ACTA 3 | M7: ACTA 6
J8: ACTA 7 | M8: ACTA 8 | N8: 157.1058
J9: ACTA 9 | K9: =+I24 -> 30.15 | M9: ACTA 10
A10: INSTALACION TEJA ONDULADA FIBROCEMENTO P5 | F10: Unidad: M2 | J10: ESQUEMA
A11: FECHA | B11: DETALLE | E11: LARGO | F11: ANCHO | G11: ALTO | H11: CANT. | I11: TOTAL
A12: 44757 | B12: TEJAS CUBIERTA FIBROCEMENTO | E12: 2.01 | H12: 15 | I12: =+E12*H12 -> 30.15
A23: 1
A24: 1 | I24: =+SUM(I12:I22) -> 30.15
A25: OBSERVACIONES:
A28: Certificamos que estos trabajos han sido revisados por nosotros y se encuentran a conformidad.
A29: Elaboró | B29: Luisa Fda Marulanda S. | D29: Revisó | E29: Carlos Marulanda | H29: Vo.Bo. Contratista
A30: Cargo | B30: Residente de Obra | D30: Cargo | E30: Contratante | H30: Nombre: Octavio Gallego
A31: Firma | D31: Firma | H31: Firma:

Sheet TEJAS BARRO
C1: SISTEMA DE GESTIÓN DE LA CALIDAD
C2: MEMORIA MEDICIÓN DE CANTIDADES DE OBRA
A4: OBJETO: | C4: CONSTRUCCIÓN DE CASA LOTE 1 QUINTAS DE SAN ANTONIO-SANTAGUEDA | J4: RESUMEN DE PAGOS
J5: ACTA 1 | M5: ACTA 4
A6: CONTRATANTE: | C6: CARLOS MARULANDA | J6: ACTA 2 | M6: ACTA 5
A7: CONTRATISTA: | C7: OCTAVIO GALLEGO | J7: ACTA 3 | M7: ACTA 6
J8: ACTA 7 | M8: ACTA 8
J9: ACTA 9 | K9: =+I24 -> 187.26 | M9: ACTA 10
A10: INSTALACION TEJA GRES | F10: Unidad: M2 | J10: ESQUEMA
A11: FECHA | B11: DETALLE | E11: LARGO | F11: ANCHO | G11: ALTO | H11: CANT. | I11: TOTAL
A12: 44757 | B12: TEJAS GRES | E12: 2.01 | H12: 15 | I12: =+E12*H12 -> 30.15
E13: 1 | H13: 1 | I13: 157.11
A23: 1
A24: 1 | I24: =+SUM(I12:I22) -> 187.26
A25: OBSERVACIONES:
A28: Certificamos que estos trabajos han sido revisados por nosotros y se encuentran a conformidad.
A29: Elaboró | B29: Luisa Fda Marulanda S. | D29: Revisó | E29: Carlos Marulanda | H29: Vo.Bo. Contratista
A30: Cargo | B30: Residente de Obra | D30: Cargo | E30: Contratante | H30: Nombre: Octavio Gallego
A31: Firma | D31: Firma | H31: Firma:

Sheet CABALLETE
C1: SISTEMA DE GESTIÓN DE LA CALIDAD
C2: MEMORIA MEDICIÓN DE CANTIDADES DE OBRA
A4: OBJETO: | C4: CONSTRUCCIÓN DE CASA LOTE 1 QUINTAS DE SAN ANTONIO-SANTAGUEDA | J4: RESUMEN DE PAGOS
J5: ACTA 1 | M5: ACTA 4
A6: CONTRATANTE: | C6: CARLOS MARULANDA | J6: ACTA 2 | M6: ACTA 5
A7: CONTRATISTA: | C7: OCTAVIO GALLEGO | J7: ACTA 3 | M7: ACTA 6
J8: ACTA 7 | M8: ACTA 8
J9: ACTA 9 | K9: =+I24 -> 28.33 | M9: ACTA 10
A10: INSTALACION CABALLETE | F10: Unidad: ML | J10: ESQUEMA
A11: FECHA | B11: DETALLE | E11: LARGO | F11: ANCHO | G11: ALTO | H11: CANT. | I11: TOTAL
A12: 44757 | B12: TEJAS GRES | E12: =9.76+9.58+3.84+4.5+0.65 -> 28.33 | H12: 1 | I12: =+E12*H12 -> 28.33
A23: 1
A24: 1 | I24: =+SUM(I12:I22) -> 28.33
A25: OBSERVACIONES:
A28: Certificamos que estos trabajos han sido revisados por nosotros y se encuentran a conformidad.
A29: Elaboró | B29: Luisa Fda Marulanda S. | D29: Revisó | E29: Carlos Marulanda | H29: Vo.Bo. Contratista
A30: Cargo | B30: Residente de Obra | D30: Cargo | E30: Contratante | H30: Nombre: Octavio Gallego
A31: Firma | D31: Firma | H31: Firma:

Sheet LIMAHOYAS
C1: SISTEMA DE GESTIÓN DE LA CALIDAD
C2: MEMORIA MEDICIÓN DE CANTIDADES DE OBRA
A4: OBJETO: | C4: CONSTRUCCIÓN DE CASA LOTE 1 QUINTAS DE SAN ANTONIO-SANTAGUEDA | J4: RESUMEN DE PAGOS
J5: ACTA 1 | M5: ACTA 4
A6: CONTRATANTE: | C6: CARLOS MARULANDA | J6: ACTA 2 | M6: ACTA 5
A7: CONTRATISTA: | C7: OCTAVIO GALLEGO | J7: ACTA 3 | M7: ACTA 6
J8: ACTA 7 | M8: ACTA 8
J9: ACTA 9 | K9: =+I24 -> 0 | M9: ACTA 10
A10: INSTALACION LIMAHOYAS | F10: Unidad: ML | J10: ESQUEMA
A11: FECHA | B11: DETALLE | E11: LARGO | F11: ANCHO | G11: ALTO | H11: CANT. | I11: TOTAL
A12: 44757 | B12: TEJAS GRES | H12: 1 | I12: =+E12*H12 -> 0
A23: 1
A24: 1 | I24: =+SUM(I12:I22) -> 0
A25: OBSERVACIONES:
A28: Certificamos que estos trabajos han sido revisados por nosotros y se encuentran a conformidad.
A29: Elaboró | B29: Luisa Fda Marulanda S. | D29: Revisó | E29: Carlos Marulanda | H29: Vo.Bo. Contratista
A30: Cargo | B30: Residente de Obra | D30: Cargo | E30: Contratante | H30: Nombre: Octavio Gallego
A31: Firma | D31: Firma | H31: Firma:

Sheet ENCHAPES
C1: SISTEMA DE GESTIÓN DE LA CALIDAD
C2: MEMORIA MEDICIÓN DE CANTIDADES DE OBRA
A4: OBJETO: | C4: CONSTRUCCIÓN DE CASA LOTE 1 QUINTAS DE SAN ANTONIO-SANTAGUEDA | J4: RESUMEN DE PAGOS
J5: ACTA 1 | M5: ACTA 4
A6: CONTRATANTE: | C6: CARLOS MARULANDA | J6: ACTA 2 | M6: ACTA 5
A7: CONTRATISTA: | C7: OCTAVIO GALLEGO | J7: ACTA 3 | M7: ACTA 6
J8: ACTA 7 | M8: ACTA 8
J9: ACTA 9 | K9: =+I27 -> 68.051 | M9: ACTA 10
A10: INSTALACION ENCHAPE | F10: Unidad: M2 | J10: ESQUEMA
A11: FECHA | B11: DETALLE | E11: LARGO | F11: ANCHO | G11: ALTO | H11: CANT. | I11: TOTAL
A12: 44757 | B12: BAÑO 1 CERAMICA COLOR | F12: 1.65 | G12: 1.87 | I12: =+F12*G12 -> 3.0855
F13: 1.65 | G13: 2.4 | I13: =+F13*G13 -> 3.96
B14: BAÑO 2 CERAMICA COLOR | F14: 1.65 | G14: 1.87 | I14: =+F14*G14 -> 3.0855
F15: 1.65 | G15: 2.4 | I15: =+F15*G15 -> 3.96
B16: BAÑO 3 CERAMICA COLOR | F16: 1.2 | G16: 1.6 | I16: =+F16*G16 -> 1.92
F17: 1.2 | G17: 2.4 | I17: =+F17*G17 -> 2.88
B18: BAÑO 1 CERAMICA BLANCA | F18: 3.6 | G18: 2.4 | I18: =+F18*G18 -> 8.64
B19: BAÑO 2 CERAMICA BLANCA | F19: 4.55 | G19: 2.4 | I19: =+F19*G19 -> 10.92
B20: BAÑO 3 CERAMICA BLANCA | F20: 4.55 | G20: 2.4 | I20: =+F20*G20 -> 10.92
B21: PATIO | F21: 5.6 | G21: 2.4 | I21: =+F21*G21 -> 13.44
B22: COCINA | F22: 1.8 | G22: 2.4 | I22: =+F22*G22 -> 4.32
F23: 2.3 | G23: 0.4 | I23: =+F23*G23 -> 0.92
I24: =+F24*G24 -> 0
I25: =+F25*G25 -> 0
A26: 1
A27: 1 | I27: =+SUM(I12:I25) -> 68.051
A28: OBSERVACIONES:
A31: Certificamos que estos trabajos han sido revisados por nosotros y se encuentran a conformidad.
A32: Elaboró | B32: Luisa Fda Marulanda S. | D32: Revisó | E32: Carlos Marulanda | H32: Vo.Bo. Contratista
A33: Cargo | B33: Residente de Obra | D33: Cargo | E33: Contratante | H33: Nombre: Octavio Gallego
A34: Firma | D34: Firma | H34: Firma:

Sheet PIRAGUA
C1: SISTEMA DE GESTIÓN DE LA CALIDAD
C2: MEMORIA MEDICIÓN DE CANTIDADES DE OBRA
A4: OBJETO: | C4: CONSTRUCCIÓN DE CASA LOTE 1 QUINTAS DE SAN ANTONIO-SANTAGUEDA | J4: RESUMEN DE PAGOS
J5: ACTA 1 | M5: ACTA 4
A6: CONTRATANTE: | C6: CARLOS MARULANDA | J6: ACTA 2 | M6: ACTA 5
A7: CONTRATISTA: | C7: OCTAVIO GALLEGO | J7: ACTA 3 | M7: ACTA 6
J8: ACTA 7 | M8: ACTA 8
J9: ACTA 9 | K9: =+I20 -> 24 | M9: ACTA 10
A10: INSTALACION PIRAGUA | F10: Unidad: Ml | J10: ESQUEMA
A11: FECHA | B11: DETALLE | E11: LARGO | F11: ANCHO | G11: ALTO | H11: CANT. | I11: TOTAL
A12: 44757 | B12: BAÑOS Y COCINA | E12: 24 | I12: =+E12 -> 24
I18: =+F18*G18 -> 0
A19: 1
A20: 1 | I20: =+SUM(I12:I18) -> 24
A21: OBSERVACIONES:
A24: Certificamos que estos trabajos han sido revisados por nosotros y se encuentran a conformidad.
A25: Elaboró | B25: Luisa Fda Marulanda S. | D25: Revisó | E25: Carlos Marulanda | H25: Vo.Bo. Contratista
A26: Cargo | B26: Residente de Obra | D26: Cargo | E26: Contratante | H26: Nombre: Octavio Gallego
A27: Firma | D27: Firma | H27: Firma:

Sheet FILOS Y DIL
C1: SISTEMA DE GESTIÓN DE LA CALIDAD
C2: MEMORIA MEDICIÓN DE CANTIDADES DE OBRA
A4: OBJETO: | C4: CONSTRUCCIÓN DE CASA LOTE 1 QUINTAS DE SAN ANTONIO-SANTAGUEDA | J4: RESUMEN DE PAGOS
J5: ACTA 1 | M5: ACTA 4
A6: CONTRATANTE: | C6: CARLOS MARULANDA | J6: ACTA 2 | M6: ACTA 5 | N6: =+I29 -> 517.8
A7: CONTRATISTA: | C7: OCTAVIO GALLEGO | J7: ACTA 3 | M7: ACTA 6
F8: Unidad: ML | J8: ESQUEMA
A9: Item : INSTALACION REVOQUE LISO MUROS 1:3
A10: FECHA | B10: DETALLE | E10: LARGO | F10: ANCHO | G10: ALTO | H10: CANT. | I10: TOTAL
A11: 44659 | B11: COLUMNAS | G11: 2.4 | H11: =3*18 -> 54 | I11: =+G11*H11 -> 129.6
A12: 44659 | B12: V-A10 | E12: 6.04 | H12: 4 | I12: =+E12*H12 -> 24.16
A13: 44659 | B13: V-B10 | E13: 6.04 | H13: 4 | I13: =+E13*H13 -> 24.16
A14: 44659 | B14: V-F10 | E14: 7 | H14: 4 | I14: =+E14*H14 -> 28
A15: 44659 | B15: V-G10 | E15: 1.81 | H15: 4 | I15: =+E15*H15 -> 7.24
A16: 44659 | B16: V-H10 | E16: 8.41 | H16: 4 | I16: =+E16*H16 -> 33.64
A17: 44659 | B17: V-1110 | E17: 5.71 | H17: 4 | I17: =+E17*H17 -> 22.84
A18: 44659 | B18: V-1010 | E18: =3.26+5.06+1.45 -> 9.77 | H18: 4 | I18: =+E18*H18 -> 39.08
A19: 44659 | B19: V-810 | E19: =3.26+5.06+1.45+5.91 -> 15.68 | H19: 4 | I19: =+E19*H19 -> 62.72
A20: 44659 | B20: V-710 | E20: =3.2+2.38 -> 5.58 | H20: 4 | I20: =+E20*H20 -> 22.32
A21: 44659 | B21: V-610 | E21: 3.26 | H21: 4 | I21: =+E21*H21 -> 13.04
A22: 44659 | B22: V-510 | E22: 2.33 | H22: 4 | I22: =+E22*H22 -> 9.32
A23: 44659 | B23: VIGAS DE AMARRE HABITACIONES Y BAÑO | E23: 3.7 | H23: =5*4 -> 20 | I23: =+E23*H23 -> 74
A24: 44659 | B24: VIGAS DE AMARRE BAÑO | E24: 2.12 | H24: 4 | I24: =+E24*H24 -> 8.48
A25: 44659 | B25: VIGAS DE AMARRE PATIO | E25: 2.95 | H25: 4 | I25: =+E25*H25 -> 11.8
A26: 44659 | B26: VIGAS DE AMARRE BAÑO | E26: 1.85 | H26: 4 | I26: =+E26*H26 -> 7.4
A28: 1
A29: 1 | I29: =+SUM(I11:I27) -> 517.8
A30: OBSERVACIONES: SE TIENE EN CUENTA REVOQUE INTERIOR Y EXTERIOR
A33: Certificamos que estos trabajos han sido revisados por nosotros y se encuentran a conformidad.
A34: Elaboró | B34: Luisa Fda Marulanda S. | D34: Revisó | E34: Carlos Marulanda | H34: Vo.Bo. Contratista
A35: Cargo | B35: Residente de Obra | D35: Cargo | E35: Contratante | H35: Nombre: Octavio Gallego
A36: Firma | D36: Firma | H36: Firma:

Sheet MALLA
C1: SISTEMA DE GESTIÓN DE LA CALIDAD
C2: MEMORIA MEDICIÓN DE CANTIDADES DE OBRA
A4: OBJETO: | C4: CONSTRUCCIÓN DE CASA LOTE 1 QUINTAS DE SAN ANTONIO-SANTAGUEDA | J4: RESUMEN DE PAGOS
J5: ACTA 1 | M5: ACTA 4
A6: CONTRATANTE: | C6: CARLOS MARULANDA | J6: ACTA 2 | K6: =+I20 -> 115.6 | M6: ACTA 5
A7: CONTRATISTA: | C7: OCTAVIO GALLEGO | J7: ACTA 3 | M7: ACTA 6
F8: Unidad: M2 | J8: ESQUEMA
A9: Item :SUMINISTRO, TRANSPORTE E INSTALACION MALLA ELECTROSOLDADA M-131 Q-3.1 Φ 5.0mm c/.15m en ambos sentidos (Incluye alambre negro, colocación y traslapo).
A10: FECHA | B10: DETALLE | E10: LARGO | F10: ANCHO | G10: ALTO | H10: CANT. | I10: TOTAL
A11: 44603 | B11: MALLA PARA PLACA DE CONTRAPISO | E11: 115.6 | F11: 1 | G11: 1 | H11: 1 | I11: =+E11*F11*G11*H11 -> 115.6
A19: Total acumulado hoja
A20: Cantidad Total | I20: =+I11+I12+I13+I14+I15+I16 -> 115.6
A21: OBSERVACIONES ________________________PARA EL LLENO SE TOMAN EL VOLUMEN DE LA EXCAVACIÓN Y SE RESTA EL VOL DE CONCRETO______________________________________________________________________________
A22: Y VOLUMEN DE AFIRMADO EN REPOSICIÓN
A24: Certificamos que estos trabajos han sido revisados por nosotros y se encuentran a conformidad.
A25: Elaboró | B25: Luisa Fda Marulanda S. | D25: Revisó | E25: Carlos Marulanda | H25: Vo.Bo. Contratista
A26: Cargo | B26: Residente de Obra | D26: Cargo | E26: Contratante | H26: Nombre: Octavio Gallego
A27: Firma | D27: Firma | H27: Firma:

Sheet DIV. BAÑOS
C1: SISTEMA DE GESTIÓN DE LA CALIDAD | N1: Código: F02
C2: MEMORIA MEDICIÓN DE CANTIDADES DE OBRA | N2: Versión: 01 03-05-2017 Página 1 de 1
A4: OBJETO: | C4: CONSTRUCCIÓN DE LAS OBRAS DE ACABADOS ARQUITECTÓNICOS, HIDRAÚLICOS, SANITARIOS, ELÉCTRICOS, REDES DE VOZ Y DATOS, ESTRUCTURALES, REFORZAMIENTO ESTRUCTURAL PARA LA NUEVA BODEGA DE LA PANADERIA LA VICTORIA UBICADA EN LA PANAMERICANA ANTIGUO EMTELSA, MANIZALES, CALDAS | J4: RESUMEN DE PAGOS
J5: ACTA 1 | M5: ACTA 4
A6: CONTRATANTE: | C6: PANADERIA LA VICTORIA | J6: ACTA 2 | M6: ACTA 5
A7: CONTRATISTA: | C7: NICOLAS JARAMILLO | J7: ACTA 3 | M7: ACTA 6
A8: Capitulo: CARPINTERIA METÁLICA | F8: Unidad: M2 | H8: Cant. Contrato: 39.07 | J8: ESQUEMA
A9: Item : SUMINISTRO, TRANSPORTE E INSTALACIÓN DIVISIONES PARA BAÑOS EN ACERO INOXIDABLE
A10: FECHA | B10: DETALLE | E10: LARGO | F10: ANCHO | G10: ALTO | H10: CANT. | I10: TOTAL
A24: Total acumulado hoja
A25: Cantidad Total
A26: OBSERVACIONES ______________________________________________________________________________________________________
A29: Certificamos que estos trabajos han sido revisados por nosotros y se encuentran a conformidad.
A30: Elaboró | B30: Luisa Fda Marulanda S. | D30: Revisó | E30: Mario Pinzón Medina | H30: Vo.Bo. Contratante
A31: Cargo | B31: Residente de Obra | D31: Cargo | E31: Interventor | H31: Nombre: Nicolás Jaramillo Hoyos
A32: Firma | D32: Firma | H32: Firma:

Sheet ESMALTE VENT.
C1: SISTEMA DE GESTIÓN DE LA CALIDAD | N1: Código: F02
C2: MEMORIA MEDICIÓN DE CANTIDADES DE OBRA | N2: Versión: 01 03-05-2017 Página 1 de 1
A4: OBJETO: | C4: CONSTRUCCIÓN DE LAS OBRAS DE ACABADOS ARQUITECTÓNICOS, HIDRAÚLICOS, SANITARIOS, ELÉCTRICOS, REDES DE VOZ Y DATOS, ESTRUCTURALES, REFORZAMIENTO ESTRUCTURAL PARA LA NUEVA BODEGA DE LA PANADERIA LA VICTORIA UBICADA EN LA PANAMERICANA ANTIGUO EMTELSA, MANIZALES, CALDAS | J4: RESUMEN DE PAGOS
J5: ACTA 1 | M5: ACTA 4
A6: CONTRATANTE: | C6: PANADERIA LA VICTORIA | J6: ACTA 2 | M6: ACTA 5
A7: CONTRATISTA: | C7: NICOLAS JARAMILLO | J7: ACTA 3 | M7: ACTA 6
A8: Capitulo: PINTURAS | F8: Unidad: ML | H8: Cant. Contrato: 1674.00 | J8: ESQUEMA
A9: Item : SUMINISTRO, TRANSPORTE E INSTALACIÓN PINTURA ESMALTE PARA MARCOS DE PUERTAS, REJAS, VENTANAS, PASAMANOS Y ZÓCALOS
A10: FECHA | B10: DETALLE | E10: LARGO | F10: ANCHO | G10: ALTO | H10: CANT. | I10: TOTAL
A24: Total acumulado hoja
A25: Cantidad Total
A26: OBSERVACIONES ______________________________________________________________________________________________________
A29: Certificamos que estos trabajos han sido revisados por nosotros y se encuentran a conformidad.
A30: Elaboró | B30: Luisa Fda Marulanda S. | D30: Revisó | E30: Mario Pinzón Medina | H30: Vo.Bo. Contratante
A31: Cargo | B31: Residente de Obra | D31: Cargo | E31: Interventor | H31: Nombre: Nicolás Jaramillo Hoyos
A32: Firma | D32: Firma | H32: Firma:

Sheet ESMALTE PUERTAS
C1: SISTEMA DE GESTIÓN DE LA CALIDAD | N1: Código: F02
C2: MEMORIA MEDICIÓN DE CANTIDADES DE OBRA | N2: Versión: 01 03-05-2017 Página 1 de 1
A4: OBJETO: | C4: CONSTRUCCIÓN DE LAS OBRAS DE ACABADOS ARQUITECTÓNICOS, HIDRAÚLICOS, SANITARIOS, ELÉCTRICOS, REDES DE VOZ Y DATOS, ESTRUCTURALES, REFORZAMIENTO ESTRUCTURAL PARA LA NUEVA BODEGA DE LA PANADERIA LA VICTORIA UBICADA EN LA PANAMERICANA ANTIGUO EMTELSA, MANIZALES, CALDAS | J4: RESUMEN DE PAGOS
J5: ACTA 1 | M5: ACTA 4
A6: CONTRATANTE: | C6: PANADERIA LA VICTORIA | J6: ACTA 2 | M6: ACTA 5
A7: CONTRATISTA: | C7: NICOLAS JARAMILLO | J7: ACTA 3 | M7: ACTA 6
A8: Capitulo: PINTURAS | F8: Unidad: M2 | H8: Cant. Contrato: 126.40 | J8: ESQUEMA
A9: Item : SUMINISTRO, TRANSPORTE E INSTALACIÓN PINTURA ESMALTE PARA PUERTAS
A10: FECHA | B10: DETALLE | E10: LARGO | F10: ANCHO | G10: ALTO | H10: CANT. | I10: TOTAL
A24: Total acumulado hoja
A25: Cantidad Total
A26: OBSERVACIONES ______________________________________________________________________________________________________
A29: Certificamos que estos trabajos han sido revisados por nosotros y se encuentran a conformidad.
A30: Elaboró | B30: Luisa Fda Marulanda S. | D30: Revisó | E30: Mario Pinzón Medina | H30: Vo.Bo. Contratante
A31: Cargo | B31: Residente de Obra | D31: Cargo | E31: Interventor | H31: Nombre: Nicolás Jaramillo Hoyos
A32: Firma | D32: Firma | H32: Firma:

Sheet TEJA PVC
C1: SISTEMA DE GESTIÓN DE LA CALIDAD | N1: Código: F02
C2: MEMORIA MEDICIÓN DE CANTIDADES DE OBRA | N2: Versión: 01 03-05-2017 Página 1 de 1
A4: OBJETO: | C4: CONSTRUCCIÓN DE LAS OBRAS DE ACABADOS ARQUITECTÓNICOS, HIDRAÚLICOS, SANITARIOS, ELÉCTRICOS, REDES DE VOZ Y DATOS, ESTRUCTURALES, REFORZAMIENTO ESTRUCTURAL PARA LA NUEVA BODEGA DE LA PANADERIA LA VICTORIA UBICADA EN LA PANAMERICANA ANTIGUO EMTELSA, MANIZALES, CALDAS | J4: RESUMEN DE PAGOS
J5: ACTA 1 | M5: ACTA 4
A6: CONTRATANTE: | C6: PANADERIA LA VICTORIA | J6: ACTA 2 | M6: ACTA 5
A7: CONTRATISTA: | C7: NICOLAS JARAMILLO | J7: ACTA 3 | M7: ACTA 6
A8: Capitulo: CUBIERTA | F8: Unidad: M2 | H8: Cant. Contrato: 3129.00 | J8: ESQUEMA
A9: Item : DESCARGUE E INSTALACIÓN TEJA EN PVC TERMOACUSTICA Y 10% TEJA TRASLÚCIDA. Incluye Caballete
A10: FECHA | B10: DETALLE | E10: LARGO | F10: ANCHO | G10: ALTO | H10: CANT. | I10: TOTAL
A24: Total acumulado hoja
A25: Cantidad Total
A26: OBSERVACIONES ______________________________________________________________________________________________________
A29: Certificamos que estos trabajos han sido revisados por nosotros y se encuentran a conformidad.
A30: Elaboró | B30: Luisa Fda Marulanda S. | D30: Revisó | E30: Mario Pinzón Medina | H30: Vo.Bo. Contratante
A31: Cargo | B31: Residente de Obra | D31: Cargo | E31: Interventor | H31: Nombre: Nicolás Jaramillo Hoyos
A32: Firma | D32: Firma | H32: Firma:

Sheet MORAS
C1: SISTEMA DE GESTIÓN DE LA CALIDAD | N1: Código: F02
C2: MEMORIA MEDICIÓN DE CANTIDADES DE OBRA | N2: Versión: 01 03-05-2017 Página 1 de 1
A4: OBJETO: | C4: CONSTRUCCIÓN DE LAS OBRAS DE ACABADOS ARQUITECTÓNICOS, HIDRAÚLICOS, SANITARIOS, ELÉCTRICOS, REDES DE VOZ Y DATOS, ESTRUCTURALES, REFORZAMIENTO ESTRUCTURAL PARA LA NUEVA BODEGA DE LA PANADERIA LA VICTORIA UBICADA EN LA PANAMERICANA ANTIGUO EMTELSA, MANIZALES, CALDAS | J4: RESUMEN DE PAGOS
J5: ACTA 1 | M5: ACTA 4
A6: CONTRATANTE: | C6: PANADERIA LA VICTORIA | J6: ACTA 2 | M6: ACTA 5
A7: CONTRATISTA: | C7: NICOLAS JARAMILLO | J7: ACTA 3 | M7: ACTA 6
A8: Capitulo: CUBIERTA | F8: Unidad: ML | H8: Cant. Contrato: 362.00 | J8: ESQUEMA
A9: Item : SUMINISTRO, TRANSPORTE E INSTALACIÓN LÁMINA GALVANIZADA CALIBRE 24 ONDULADA PARA MORAS DE TEJA Termo Acústica
A10: FECHA | B10: DETALLE | E10: LARGO | F10: ANCHO | G10: ALTO | H10: CANT. | I10: TOTAL
A24: Total acumulado hoja
A25: Cantidad Total
A26: OBSERVACIONES ______________________________________________________________________________________________________
A29: Certificamos que estos trabajos han sido revisados por nosotros y se encuentran a conformidad.
A30: Elaboró | B30: Luisa Fda Marulanda S. | D30: Revisó | E30: Mario Pinzón Medina | H30: Vo.Bo. Contratante
A31: Cargo | B31: Residente de Obra | D31: Cargo | E31: Interventor | H31: Nombre: Nicolás Jaramillo Hoyos
A32: Firma | D32: Firma | H32: Firma:
